Workbook

Sheet Budget
A1: PI Name: | G1: Kuali #
A2: Solicitation:
B3: USDA Limits IDC to 30% of Fed Share
A4: IDC Rate (TYPE MTDC) | B4: 0.55 | D4: FRINGE BENEFIT RATES (6/1/26 - 5/31/27) projected **** | H4: (see note in cell A130)
A5: Inflation Rate | B5: 1.04 | D5: Academic | E5: 0.27 | F5: Staff | G5: 0.298
A6: Number of Budget Years | B6: 3 | D6: Summer | E6: 0.076 | F6: Student | G6: 0
D8: Acad. Appt. (Months) | F8: No. of Months Year 1 | G8: No. of Months Year 2 | H8: No. of Months Year 3 | I8: No. of Months Year 4 | J8: No. of Months Year 5
A9: SALARIES & WAGES | K9: Year | L9: Year | M9: Year | N9: Year | O9: Year | P9: TOTAL BUDGET
A10: Name | B10: Role | C10: Fringe Type | E10: Base Salary | K10: 1 | L10: 2 | M10: 3 | N10: 4 | O10: 5 | Q10: Check Sum
A11: =B1 -> 0 | B11: PI | C11: Academic | K11: =IF(D11>0,ROUND(($F11*$E11)/D11,0),0) -> 0 | L11: =IF($D$11>0,ROUND((G11*$E11*$B$5^(L10-1))/$D$11,0),0) -> 0 | M11: =IF($D$11>0,ROUND((H11*$E11*$B$5^(M10-1))/$D$11,0),0) -> 0 | N11: =IF($D$11>0,ROUND((I11*$E11*$B$5^(N10-1))/$D$11,0),0) -> 0 | O11: =IF($D$11>0,ROUND((J11*$E11*$B$5^(O10-1))/$D$11,0),0) -> 0 | P11: =SUM(K11:O11) -> 0
A12: =A11 -> 0 | B12: =B11 -> PI | C12: Summer | D12: =D11 -> 0 | E12: =E11 -> 0 | K12: =IF(D12>0,ROUND(($F12*$E12)/D12,0),0) -> 0 | L12: =IF($D$12>0,ROUND((G12*$E12*$B$5^(L$10-1))/$D$12,0),0) -> 0 | M12: =IF($D$12>0,ROUND((H12*$E12*$B$5^(M$10-1))/$D$12,0),0) -> 0 | N12: =IF($D$12>0,ROUND((I12*$E12*$B$5^(N$10-1))/$D$12,0),0) -> 0 | O12: =IF($D$12>0,ROUND((J12*$E12*$B$5^(O$10-1))/$D$12,0),0) -> 0 | P12: =SUM(K12:O12) -> 0
B13: Co-PI 1 | C13: Academic | K13: =IF(D13>0,ROUND(($F13*$E13)/D13,0),0) -> 0 | L13: =IF($D$13>0,ROUND((G13*$E13*$B$5^(L$10-1))/$D$13,0),0) -> 0 | M13: =IF($D$13>0,ROUND((H13*$E13*$B$5^(M$10-1))/$D$13,0),0) -> 0 | N13: =IF($D$13>0,ROUND((I13*$E13*$B$5^(N$10-1))/$D$13,0),0) -> 0 | O13: =IF($D$13>0,ROUND((J13*$E13*$B$5^(O$10-1))/$D$13,0),0) -> 0 | P13: =SUM(K13:O13) -> 0
A14: =A13 -> 0 | B14: =B13 -> Co-PI 1 | C14: Summer | D14: =D13 -> 0 | E14: =E13 -> 0 | K14: =IF(D14>0,ROUND(($F14*$E14)/D14,0),0) -> 0 | L14: =IF($D$14>0,ROUND((G14*$E14*$B$5^(L$10-1))/$D$14,0),0) -> 0 | M14: =IF($D$14>0,ROUND((H14*$E14*$B$5^(M$10-1))/$D$14,0),0) -> 0 | N14: =IF($D$14>0,ROUND((I14*$E14*$B$5^(N$10-1))/$D$14,0),0) -> 0 | O14: =IF($D$14>0,ROUND((J14*$E14*$B$5^(O$10-1))/$D$14,0),0) -> 0 | P14: =SUM(K14:O14) -> 0
B15: Co-PI 2 | C15: Academic | K15: =IF(D15>0,ROUND(($F15*$E15)/D15,0),0) -> 0 | L15: =IF($D$15>0,ROUND((G15*$E15*$B$5^(L$10-1))/$D$15,0),0) -> 0 | M15: =IF($D$15>0,ROUND((H15*$E15*$B$5^(M$10-1))/$D$15,0),0) -> 0 | N15: =IF($D$15>0,ROUND((I15*$E15*$B$5^(N$10-1))/$D$15,0),0) -> 0 | O15: =IF($D$15>0,ROUND((J15*$E15*$B$5^(O$10-1))/$D$15,0),0) -> 0 | P15: =SUM(K15:O15) -> 0
A16: =A15 -> 0 | B16: =B15 -> Co-PI 2 | C16: Summer | D16: =D15 -> 0 | E16: =E15 -> 0 | K16: =IF(D16>0,ROUND(($F16*$E16)/D16,0),0) -> 0 | L16: =IF($D$16>0,ROUND((G16*$E16*$B$5^(L$10-1))/$D$16,0),0) -> 0 | M16: =IF($D$16>0,ROUND((H16*$E16*$B$5^(M$10-1))/$D$16,0),0) -> 0 | N16: =IF($D$16>0,ROUND((I16*$E16*$B$5^(N$10-1))/$D$16,0),0) -> 0 | O16: =IF($D$16>0,ROUND((J16*$E16*$B$5^(O$10-1))/$D$16,0),0) -> 0 | P16: =SUM(K16:O16) -> 0
B17: Co-PI 3 | C17: Academic | K17: =IF(D17>0,ROUND(($F17*$E17)/D17,0),0) -> 0 | L17: =IF($D$17>0,ROUND((G17*$E17*$B$5^(L$10-1))/$D$17,0),0) -> 0 | M17: =IF($D$17>0,ROUND((H17*$E17*$B$5^(M$10-1))/$D$17,0),0) -> 0 | N17: =IF($D$17>0,ROUND((I17*$E17*$B$5^(N$10-1))/$D$17,0),0) -> 0 | O17: =IF($D$17>0,ROUND((J17*$E17*$B$5^(O$10-1))/$D$17,0),0) -> 0 | P17: =SUM(K17:O17) -> 0
A18: =A17 -> 0 | B18: =B17 -> Co-PI 3 | C18: Summer | D18: =D17 -> 0 | E18: =E17 -> 0 | K18: =IF(D18>0,ROUND(($F18*$E18)/D18,0),0) -> 0 | L18: =IF($D$18>0,ROUND((G18*$E18*$B$5^(L$10-1))/$D$18,0),0) -> 0 | M18: =IF($D$18>0,ROUND((H18*$E18*$B$5^(M$10-1))/$D$18,0),0) -> 0 | N18: =IF($D$18>0,ROUND((I18*$E18*$B$5^(N$10-1))/$D$18,0),0) -> 0 | O18: =IF($D$18>0,ROUND((J18*$E18*$B$5^(O$10-1))/$D$18,0),0) -> 0 | P18: =SUM(K18:O18) -> 0
B19: Co-PI 4 | C19: Academic | K19: =IF(D19>0,ROUND(($F19*$E19)/D19,0),0) -> 0 | L19: =IF($D$19>0,ROUND((G19*$E19*$B$5^(L$10-1))/$D$19,0),0) -> 0 | M19: =IF($D$19>0,ROUND((H19*$E19*$B$5^(M$10-1))/$D$19,0),0) -> 0 | N19: =IF($D$19>0,ROUND((I19*$E19*$B$5^(N$10-1))/$D$19,0),0) -> 0 | O19: =IF($D$19>0,ROUND((J19*$E19*$B$5^(O$10-1))/$D$19,0),0) -> 0 | P19: =SUM(K19:O19) -> 0
A20: =A19 -> 0 | B20: =B19 -> Co-PI 4 | C20: Summer | D20: =D19 -> 0 | E20: =E19 -> 0 | K20: =IF(D20>0,ROUND(($F20*$E20)/D20,0),0) -> 0 | L20: =IF($D$20>0,ROUND((G20*$E20*$B$5^(L$10-1))/$D$20,0),0) -> 0 | M20: =IF($D$20>0,ROUND((H20*$E20*$B$5^(M$10-1))/$D$20,0),0) -> 0 | N20: =IF($D$20>0,ROUND((I20*$E20*$B$5^(N$10-1))/$D$20,0),0) -> 0 | O20: =IF($D$20>0,ROUND((J20*$E20*$B$5^(O$10-1))/$D$20,0),0) -> 0 | P20: =SUM(K20:O20) -> 0
B21: Post-doc | C21: Academic | K21: =IF(D21>0,ROUND(($F21*$E21)/D21,0),0) -> 0 | L21: =IF($D$21>0,ROUND((G21*$E21*$B$5^(L$10-1))/$D$21,0),0) -> 0 | M21: =IF($D$21>0,ROUND((H21*$E21*$B$5^(M$10-1))/$D$21,0),0) -> 0 | N21: =IF($D$21>0,ROUND((I21*$E21*$B$5^(N$10-1))/$D$21,0),0) -> 0 | O21: =IF($D$21>0,ROUND((J21*$E21*$B$5^(O$10-1))/$D$21,0),0) -> 0 | P21: =SUM(K21:O21) -> 0
B22: Grad Student | C22: Student | K22: =IF(D22>0,ROUND(($F22*$E22)/D22,0),0) -> 0 | L22: =IF($D$22>0,ROUND((G22*$E22*$B$5^(L$10-1))/$D$22,0),0) -> 0 | M22: =IF($D$22>0,ROUND((H22*$E22*$B$5^(M$10-1))/$D$22,0),0) -> 0 | N22: =IF($D$22>0,ROUND((I22*$E22*$B$5^(N$10-1))/$D$22,0),0) -> 0 | O22: =IF($D$22>0,ROUND((J22*$E22*$B$5^(O$10-1))/$D$22,0),0) -> 0 | P22: =SUM(K22:O22) -> 0
B23: Grad Student | C23: Student | K23: =IF(D23>0,ROUND(($F23*$E23)/D23,0),0) -> 0 | L23: =IF($D$23>0,ROUND((G23*$E23*$B$5^(L$10-1))/$D$23,0),0) -> 0 | M23: =IF($D$23>0,ROUND((H23*$E23*$B$5^(M$10-1))/$D$23,0),0) -> 0 | N23: =IF($D$23>0,ROUND((I23*$E23*$B$5^(N$10-1))/$D$23,0),0) -> 0 | O23: =IF($D$23>0,ROUND((J23*$E23*$B$5^(O$10-1))/$D$23,0),0) -> 0 | P23: =SUM(K23:O23) -> 0
B24: UG Student | C24: Student | K24: =IF(D24>0,ROUND(($F24*$E24)/D24,0),0) -> 0 | L24: =IF($D$24>0,ROUND((G24*$E24*$B$5^(L$10-1))/$D$24,0),0) -> 0 | M24: =IF($D$24>0,ROUND((H24*$E24*$B$5^(M$10-1))/$D$24,0),0) -> 0 | N24: =IF($D$24>0,ROUND((I24*$E24*$B$5^(N$10-1))/$D$24,0),0) -> 0 | O24: =IF($D$24>0,ROUND((J24*$E24*$B$5^(O$10-1))/$D$24,0),0) -> 0 | P24: =SUM(K24:O24) -> 0
B25: UG Student | C25: Student | K25: =IF(D25>0,ROUND(($F25*$E25)/D25,0),) -> 0 | L25: =IF($D$25>0,ROUND((G25*$E25*$B$5^(L$10-1))/$D$25,0),0) -> 0 | M25: =IF($D$25>0,ROUND((H25*$E25*$B$5^(M$10-1))/$D$25,0),0) -> 0 | N25: =IF($D$25>0,ROUND((I25*$E25*$B$5^(N$10-1))/$D$25,0),0) -> 0 | O25: =IF($D$25>0,ROUND((J25*$E25*$B$5^(O$10-1))/$D$25,0),0) -> 0 | P25: =SUM(K25:O25) -> 0
A26: TOTAL SALARIES & WAGES | K26: =SUM(K11:K25) -> 0 | L26: =SUM(L11:L25) -> 0 | M26: =SUM(M11:M25) -> 0 | N26: =SUM(N11:N25) -> 0 | O26: =SUM(O11:O25) -> 0 | P26: =SUM(P11:P25) -> 0 | Q26: =SUM(K26:O26) -> 0
A28: FRINGE BENEFITS | K28: YEAR 1 | L28: YEAR 2 | M28: YEAR 3 | N28: YEAR 4 | O28: YEAR 5 | P28: TOTAL
A29: =A11 -> 0 | B29: =B11 -> PI | C29: =C11 -> Academic | K29: =ROUND(IF($C$29="Academic",K11*$E$5,IF($C$29="Summer",K11*$E$6,IF($C$29="Staff",K11*$G$5,IF($C$29="Student",K11*$G$6,0)))),0) -> 0 | L29: =ROUND(IF($C$29="Academic",L11*$E$5,IF($C$29="Summer",L11*$E$6,IF($C$29="Staff",L11*$G$5,IF($C$29="Student",L11*$G$6,0)))),0) -> 0 | M29: =ROUND(IF($C$29="Academic",M11*$E$5,IF($C$29="Summer",M11*$E$6,IF($C$29="Staff",M11*$G$5,IF($C$29="Student",M11*$G$6,0)))),0) -> 0 | N29: =ROUND(IF($C$29="Academic",N11*$E$5,IF($C$29="Summer",N11*$E$6,IF($C$29="Staff",N11*$G$5,IF($C$29="Student",N11*$G$6,0)))),0) -> 0 | O29: =ROUND(IF($C$29="Academic",O11*$E$5,IF($C$29="Summer",O11*$E$6,IF($C$29="Staff",O11*$G$5,IF($C$29="Student",O11*$G$6,0)))),0) -> 0 | P29: =SUM(K29:O29) -> 0
A30: =A12 -> 0 | B30: =B12 -> PI | C30: =C12 -> Summer | K30: =ROUND(IF($C$30="Academic",K12*$E$5,IF($C$30="Summer",K12*$E$6,IF($C$30="Staff",K12*$G$5,IF($C$30="Student",K12*$G$6,0)))),0) -> 0 | L30: =ROUND(IF($C$30="Academic",L12*$E$5,IF($C$30="Summer",L12*$E$6,IF($C$30="Staff",L12*$G$5,IF($C$30="Student",L12*$G$6,0)))),0) -> 0 | M30: =ROUND(IF($C$30="Academic",M12*$E$5,IF($C$30="Summer",M12*$E$6,IF($C$30="Staff",M12*$G$5,IF($C$30="Student",M12*$G$6,0)))),0) -> 0 | N30: =ROUND(IF($C$30="Academic",N12*$E$5,IF($C$30="Summer",N12*$E$6,IF($C$30="Staff",N12*$G$5,IF($C$30="Student",N12*$G$6,0)))),0) -> 0 | O30: =ROUND(IF($C$30="Academic",O12*$E$5,IF($C$30="Summer",O12*$E$6,IF($C$30="Staff",O12*$G$5,IF($C$30="Student",O12*$G$6,0)))),0) -> 0 | P30: =SUM(K30:O30) -> 0
A31: =A13 -> 0 | B31: =B13 -> Co-PI 1 | C31: =C13 -> Academic | K31: =ROUND(IF($C$31="Academic",K13*$E$5,IF($C$31="Summer",K13*$E$6,IF($C$31="Staff",K13*$G$5,IF($C$31="Student",K13*$G$6,0)))),0) -> 0 | L31: =ROUND(IF($C$31="Academic",L13*$E$5,IF($C$31="Summer",L13*$E$6,IF($C$31="Staff",L13*$G$5,IF($C$31="Student",L13*$G$6,0)))),0) -> 0 | M31: =ROUND(IF($C$31="Academic",M13*$E$5,IF($C$31="Summer",M13*$E$6,IF($C$31="Staff",M13*$G$5,IF($C$31="Student",M13*$G$6,0)))),0) -> 0 | N31: =ROUND(IF($C$31="Academic",N13*$E$5,IF($C$31="Summer",N13*$E$6,IF($C$31="Staff",N13*$G$5,IF($C$31="Student",N13*$G$6,0)))),0) -> 0 | O31: =ROUND(IF($C$31="Academic",O13*$E$5,IF($C$31="Summer",O13*$E$6,IF($C$31="Staff",O13*$G$5,IF($C$31="Student",O13*$G$6,0)))),0) -> 0 | P31: =SUM(K31:O31) -> 0
A32: =A14 -> 0 | B32: =B14 -> Co-PI 1 | C32: =C14 -> Summer | K32: =ROUND(IF($C$32="Academic",K14*$E$5,IF($C$32="Summer",K14*$E$6,IF($C$32="Staff",K14*$G$5,IF($C$32="Student",K14*$G$6,0)))),0) -> 0 | L32: =ROUND(IF($C$32="Academic",L14*$E$5,IF($C$32="Summer",L14*$E$6,IF($C$32="Staff",L14*$G$5,IF($C$32="Student",L14*$G$6,0)))),0) -> 0 | M32: =ROUND(IF($C$32="Academic",M14*$E$5,IF($C$32="Summer",M14*$E$6,IF($C$32="Staff",M14*$G$5,IF($C$32="Student",M14*$G$6,0)))),0) -> 0 | N32: =ROUND(IF($C$32="Academic",N14*$E$5,IF($C$32="Summer",N14*$E$6,IF($C$32="Staff",N14*$G$5,IF($C$32="Student",N14*$G$6,0)))),0) -> 0 | O32: =ROUND(IF($C$32="Academic",O14*$E$5,IF($C$32="Summer",O14*$E$6,IF($C$32="Staff",O14*$G$5,IF($C$32="Student",O14*$G$6,0)))),0) -> 0 | P32: =SUM(K32:O32) -> 0
A33: =A15 -> 0 | B33: =B15 -> Co-PI 2 | C33: =C15 -> Academic | K33: =ROUND(IF($C$33="Academic",K15*$E$5,IF($C$33="Summer",K15*$E$6,IF($C$33="Staff",K15*$G$5,IF($C$33="Student",K15*$G$6,0)))),0) -> 0 | L33: =ROUND(IF($C$33="Academic",L15*$E$5,IF($C$33="Summer",L15*$E$6,IF($C$33="Staff",L15*$G$5,IF($C$33="Student",L15*$G$6,0)))),0) -> 0 | M33: =ROUND(IF($C$33="Academic",M15*$E$5,IF($C$33="Summer",M15*$E$6,IF($C$33="Staff",M15*$G$5,IF($C$33="Student",M15*$G$6,0)))),0) -> 0 | N33: =ROUND(IF($C$33="Academic",N15*$E$5,IF($C$33="Summer",N15*$E$6,IF($C$33="Staff",N15*$G$5,IF($C$33="Student",N15*$G$6,0)))),0) -> 0 | O33: =ROUND(IF($C$33="Academic",O15*$E$5,IF($C$33="Summer",O15*$E$6,IF($C$33="Staff",O15*$G$5,IF($C$33="Student",O15*$G$6,0)))),0) -> 0 | P33: =SUM(K33:O33) -> 0
A34: =A16 -> 0 | B34: =B16 -> Co-PI 2 | C34: =C16 -> Summer | K34: =ROUND(IF($C$34="Academic",K16*$E$5,IF($C$34="Summer",K16*$E$6,IF($C$34="Staff",K16*$G$5,IF($C$34="Student",K16*$G$6,0)))),0) -> 0 | L34: =ROUND(IF($C$34="Academic",L16*$E$5,IF($C$34="Summer",L16*$E$6,IF($C$34="Staff",L16*$G$5,IF($C$34="Student",L16*$G$6,0)))),0) -> 0 | M34: =ROUND(IF($C$34="Academic",M16*$E$5,IF($C$34="Summer",M16*$E$6,IF($C$34="Staff",M16*$G$5,IF($C$34="Student",M16*$G$6,0)))),0) -> 0 | N34: =ROUND(IF($C$34="Academic",N16*$E$5,IF($C$34="Summer",N16*$E$6,IF($C$34="Staff",N16*$G$5,IF($C$34="Student",N16*$G$6,0)))),0) -> 0 | O34: =ROUND(IF($C$34="Academic",O16*$E$5,IF($C$34="Summer",O16*$E$6,IF($C$34="Staff",O16*$G$5,IF($C$34="Student",O16*$G$6,0)))),0) -> 0 | P34: =SUM(K34:O34) -> 0
A35: =A17 -> 0 | B35: =B17 -> Co-PI 3 | C35: =C17 -> Academic | K35: =ROUND(IF($C$35="Academic",K17*$E$5,IF($C$35="Summer",K17*$E$6,IF($C$35="Staff",K17*$G$5,IF($C$35="Student",K17*$G$6,0)))),0) -> 0 | L35: =ROUND(IF($C$35="Academic",L17*$E$5,IF($C$35="Summer",L17*$E$6,IF($C$35="Staff",L17*$G$5,IF($C$35="Student",L17*$G$6,0)))),0) -> 0 | M35: =ROUND(IF($C$35="Academic",M17*$E$5,IF($C$35="Summer",M17*$E$6,IF($C$35="Staff",M17*$G$5,IF($C$35="Student",M17*$G$6,0)))),0) -> 0 | N35: =ROUND(IF($C$35="Academic",N17*$E$5,IF($C$35="Summer",N17*$E$6,IF($C$35="Staff",N17*$G$5,IF($C$35="Student",N17*$G$6,0)))),0) -> 0 | O35: =ROUND(IF($C$35="Academic",O17*$E$5,IF($C$35="Summer",O17*$E$6,IF($C$35="Staff",O17*$G$5,IF($C$35="Student",O17*$G$6,0)))),0) -> 0 | P35: =SUM(K35:O35) -> 0
A36: =A18 -> 0 | B36: =B18 -> Co-PI 3 | C36: =C18 -> Summer | K36: =ROUND(IF($C$36="Academic",K18*$E$5,IF($C$36="Summer",K18*$E$6,IF($C$36="Staff",K18*$G$5,IF($C$36="Student",K18*$G$6,0)))),0) -> 0 | L36: =ROUND(IF($C$36="Academic",L18*$E$5,IF($C$36="Summer",L18*$E$6,IF($C$36="Staff",L18*$G$5,IF($C$36="Student",L18*$G$6,0)))),0) -> 0 | M36: =ROUND(IF($C$36="Academic",M18*$E$5,IF($C$36="Summer",M18*$E$6,IF($C$36="Staff",M18*$G$5,IF($C$36="Student",M18*$G$6,0)))),0) -> 0 | N36: =ROUND(IF($C$36="Academic",N18*$E$5,IF($C$36="Summer",N18*$E$6,IF($C$36="Staff",N18*$G$5,IF($C$36="Student",N18*$G$6,0)))),0) -> 0 | O36: =ROUND(IF($C$36="Academic",O18*$E$5,IF($C$36="Summer",O18*$E$6,IF($C$36="Staff",O18*$G$5,IF($C$36="Student",O18*$G$6,0)))),0) -> 0 | P36: =SUM(K36:O36) -> 0
A37: =A19 -> 0 | B37: =B19 -> Co-PI 4 | C37: =C19 -> Academic | K37: =ROUND(IF($C$37="Academic",K19*$E$5,IF($C$37="Summer",K19*$E$6,IF($C$37="Staff",K19*$G$5,IF($C$37="Student",K19*$G$6,0)))),0) -> 0 | L37: =ROUND(IF($C$37="Academic",L19*$E$5,IF($C$37="Summer",L19*$E$6,IF($C$37="Staff",L19*$G$5,IF($C$37="Student",L19*$G$6,0)))),0) -> 0 | M37: =ROUND(IF($C$37="Academic",M19*$E$5,IF($C$37="Summer",M19*$E$6,IF($C$37="Staff",M19*$G$5,IF($C$37="Student",M19*$G$6,0)))),0) -> 0 | N37: =ROUND(IF($C$37="Academic",N19*$E$5,IF($C$37="Summer",N19*$E$6,IF($C$37="Staff",N19*$G$5,IF($C$37="Student",N19*$G$6,0)))),0) -> 0 | O37: =ROUND(IF($C$37="Academic",O19*$E$5,IF($C$37="Summer",O19*$E$6,IF($C$37="Staff",O19*$G$5,IF($C$37="Student",O19*$G$6,0)))),0) -> 0 | P37: =SUM(K37:O37) -> 0
A38: =A20 -> 0 | B38: =B20 -> Co-PI 4 | C38: =C20 -> Summer | K38: =ROUND(IF($C$38="Academic",K20*$E$5,IF($C$38="Summer",K20*$E$6,IF($C$38="Staff",K20*$G$5,IF($C$38="Student",K20*$G$6,0)))),0) -> 0 | L38: =ROUND(IF($C$38="Academic",L20*$E$5,IF($C$38="Summer",L20*$E$6,IF($C$38="Staff",L20*$G$5,IF($C$38="Student",L20*$G$6,0)))),0) -> 0 | M38: =ROUND(IF($C$38="Academic",M20*$E$5,IF($C$38="Summer",M20*$E$6,IF($C$38="Staff",M20*$G$5,IF($C$38="Student",M20*$G$6,0)))),0) -> 0 | N38: =ROUND(IF($C$38="Academic",N20*$E$5,IF($C$38="Summer",N20*$E$6,IF($C$38="Staff",N20*$G$5,IF($C$38="Student",N20*$G$6,0)))),0) -> 0 | O38: =ROUND(IF($C$38="Academic",O20*$E$5,IF($C$38="Summer",O20*$E$6,IF($C$38="Staff",O20*$G$5,IF($C$38="Student",O20*$G$6,0)))),0) -> 0 | P38: =SUM(K38:O38) -> 0
A39: =A21 -> 0 | B39: =B21 -> Post-doc | C39: =C21 -> Academic | K39: =ROUND(IF($C$39="Academic",K21*$E$5,IF($C$39="Summer",K21*$E$6,IF($C$39="Staff",K21*$G$5,IF($C$39="Student",K21*$G$6,0)))),0) -> 0 | L39: =ROUND(IF($C$39="Academic",L21*$E$5,IF($C$39="Summer",L21*$E$6,IF($C$39="Staff",L21*$G$5,IF($C$39="Student",L21*$G$6,0)))),0) -> 0 | M39: =ROUND(IF($C$39="Academic",M21*$E$5,IF($C$39="Summer",M21*$E$6,IF($C$39="Staff",M21*$G$5,IF($C$39="Student",M21*$G$6,0)))),0) -> 0 | N39: =ROUND(IF($C$39="Academic",N21*$E$5,IF($C$39="Summer",N21*$E$6,IF($C$39="Staff",N21*$G$5,IF($C$39="Student",N21*$G$6,0)))),0) -> 0 | O39: =ROUND(IF($C$39="Academic",O21*$E$5,IF($C$39="Summer",O21*$E$6,IF($C$39="Staff",O21*$G$5,IF($C$39="Student",O21*$G$6,0)))),0) -> 0 | P39: =SUM(K39:O39) -> 0
A40: =A22 -> 0 | B40: =B22 -> Grad Student | C40: =C22 -> Student | K40: =ROUND(IF($C$40="Academic",K22*$E$5,IF($C$40="Summer",K22*$E$6,IF($C$40="Staff",K22*$G$5,IF($C$40="Student",K22*$G$6,0)))),0) -> 0 | L40: =ROUND(IF($C$40="Academic",L22*$E$5,IF($C$40="Summer",L22*$E$6,IF($C$40="Staff",L22*$G$5,IF($C$40="Student",L22*$G$6,0)))),0) -> 0 | M40: =ROUND(IF($C$40="Academic",M22*$E$5,IF($C$40="Summer",M22*$E$6,IF($C$40="Staff",M22*$G$5,IF($C$40="Student",M22*$G$6,0)))),0) -> 0 | N40: =ROUND(IF($C$40="Academic",N22*$E$5,IF($C$40="Summer",N22*$E$6,IF($C$40="Staff",N22*$G$5,IF($C$40="Student",N22*$G$6,0)))),0) -> 0 | O40: =ROUND(IF($C$40="Academic",O22*$E$5,IF($C$40="Summer",O22*$E$6,IF($C$40="Staff",O22*$G$5,IF($C$40="Student",O22*$G$6,0)))),0) -> 0 | P40: =SUM(K40:O40) -> 0
A41: =A23 -> 0 | B41: =B23 -> Grad Student | C41: =C23 -> Student | K41: =ROUND(IF($C$41="Academic",K23*$E$5,IF($C$41="Summer",K23*$E$6,IF($C$41="Staff",K23*$G$5,IF($C$41="Student",K23*$G$6,0)))),0) -> 0 | L41: =ROUND(IF($C$41="Academic",L23*$E$5,IF($C$41="Summer",L23*$E$6,IF($C$41="Staff",L23*$G$5,IF($C$41="Student",L23*$G$6,0)))),0) -> 0 | M41: =ROUND(IF($C$41="Academic",M23*$E$5,IF($C$41="Summer",M23*$E$6,IF($C$41="Staff",M23*$G$5,IF($C$41="Student",M23*$G$6,0)))),0) -> 0 | N41: =ROUND(IF($C$41="Academic",N23*$E$5,IF($C$41="Summer",N23*$E$6,IF($C$41="Staff",N23*$G$5,IF($C$41="Student",N23*$G$6,0)))),0) -> 0 | O41: =ROUND(IF($C$41="Academic",O23*$E$5,IF($C$41="Summer",O23*$E$6,IF($C$41="Staff",O23*$G$5,IF($C$41="Student",O23*$G$6,0)))),0) -> 0 | P41: =SUM(K41:O41) -> 0
A42: =A24 -> 0 | B42: =B24 -> UG Student | C42: =C24 -> Student | K42: =ROUND(IF($C$42="Academic",K24*$E$5,IF($C$42="Summer",K24*$E$6,IF($C$42="Staff",K24*$G$5,IF($C$42="Student",K24*$G$6,0)))),0) -> 0 | L42: =ROUND(IF($C$42="Academic",L24*$E$5,IF($C$42="Summer",L24*$E$6,IF($C$42="Staff",L24*$G$5,IF($C$42="Student",L24*$G$6,0)))),0) -> 0 | M42: =ROUND(IF($C$42="Academic",M24*$E$5,IF($C$42="Summer",M24*$E$6,IF($C$42="Staff",M24*$G$5,IF($C$42="Student",M24*$G$6,0)))),0) -> 0 | N42: =ROUND(IF($C$42="Academic",N24*$E$5,IF($C$42="Summer",N24*$E$6,IF($C$42="Staff",N24*$G$5,IF($C$42="Student",N24*$G$6,0)))),0) -> 0 | O42: =ROUND(IF($C$42="Academic",O24*$E$5,IF($C$42="Summer",O24*$E$6,IF($C$42="Staff",O24*$G$5,IF($C$42="Student",O24*$G$6,0)))),0) -> 0 | P42: =SUM(K42:O42) -> 0
A43: =A25 -> 0 | B43: =B25 -> UG Student | C43: =C25 -> Student | K43: =ROUND(IF($C$43="Academic",K25*$E$5,IF($C$43="Summer",K25*$E$6,IF($C$43="Staff",K25*$G$5,IF($C$43="Student",K25*$G$6,0)))),0) -> 0 | L43: =ROUND(IF($C$43="Academic",L25*$E$5,IF($C$43="Summer",L25*$E$6,IF($C$43="Staff",L25*$G$5,IF($C$43="Student",L25*$G$6,0)))),0) -> 0 | M43: =ROUND(IF($C$43="Academic",M25*$E$5,IF($C$43="Summer",M25*$E$6,IF($C$43="Staff",M25*$G$5,IF($C$43="Student",M25*$G$6,0)))),0) -> 0 | N43: =ROUND(IF($C$43="Academic",N25*$E$5,IF($C$43="Summer",N25*$E$6,IF($C$43="Staff",N25*$G$5,IF($C$43="Student",N25*$G$6,0)))),0) -> 0 | O43: =ROUND(IF($C$43="Academic",O25*$E$5,IF($C$43="Summer",O25*$E$6,IF($C$43="Staff",O25*$G$5,IF($C$43="Student",O25*$G$6,0)))),0) -> 0 | P43: =SUM(K43:O43) -> 0
A44: TOTAL FRINGE BENEFITS | K44: =SUM(K29:K43) -> 0 | L44: =SUM(L29:L43) -> 0 | M44: =SUM(M29:M43) -> 0 | N44: =SUM(N29:N43) -> 0 | O44: =SUM(O29:O43) -> 0 | P44: =SUM(P29:P43) -> 0 | Q44: =SUM(K44:O44) -> 0
A46: TOTAL PERSONNEL | K46: =K44+K26 -> 0 | L46: =L44+L26 -> 0 | M46: =M44+M26 -> 0 | N46: =N44+N26 -> 0 | O46: =O44+O26 -> 0 | P46: =P44+P26 -> 0 | Q46: =SUM(K46:O46) -> 0
A48: CONSULTANT COSTS | B48: (A Letter of Support (include the rate/charge for consulting services) is required from each Consultant) | K48: YEAR 1 | L48: YEAR 2 | M48: YEAR 3 | N48: YEAR 4 | O48: YEAR 5 | P48: TOTAL
A49: Consultant 1 | P49: =SUM(K49:O49) -> 0
A50: Consultant 2 | P50: =SUM(K50:O50) -> 0
A51: TOTAL CONSULTANT COSTS | K51: =SUM(K49:K50) -> 0 | L51: =SUM(L49:L50) -> 0 | M51: =SUM(M49:M50) -> 0 | N51: =SUM(N49:N50) -> 0 | O51: =SUM(O49:O50) -> 0 | P51: =SUM(P49:P50) -> 0 | Q51: =SUM(K51:O51) -> 0
A53: EQUIPMENT/CAP SOFTWARE | B53: (>= $2,500 for each item; includes capital software; software >= $2,500) | K53: YEAR 1 | L53: YEAR 2 | M53: YEAR 3 | N53: YEAR 4 | O53: YEAR 5 | P53: TOTAL
A54: Item 1 | B54: please list details | P54: =SUM(K54:O54) -> 0
A55: Item 2 | B55: please list details | P55: =SUM(K55:O55) -> 0
A56: TOTAL EQUIPMENT COSTS | K56: =SUM(K54:K55) -> 0 | L56: =SUM(L54:L55) -> 0 | M56: =SUM(M54:M55) -> 0 | N56: =SUM(N54:N55) -> 0 | O56: =SUM(O54:O55) -> 0 | P56: =SUM(P54:P55) -> 0 | Q56: =SUM(K56:O56) -> 0
A58: TRAVEL COSTS (IIT Policy / Federal Regulations: http://www.iit.edu/grant_contract_accounting/sponsored_project_travel.shtml) | K58: YEAR 1 | L58: YEAR 2 | M58: YEAR 3 | N58: YEAR 4 | O58: YEAR 5 | P58: TOTAL
A59: Domestic Travel | L59: =ROUND(IF($B$6>=L$10,$K$59*$B$5^(L$10-1),0),0) -> 0 | M59: =ROUND(IF($B$6>=M$10,$K$59*$B$5^(M$10-1),0),0) -> 0 | N59: =ROUND(IF($B$6>=N$10,$K$59*$B$5^(N$10-1),0),0) -> 0 | O59: =ROUND(IF($B$6>=O$10,$K$59*$B$5^(O$10-1),0),0) -> 0 | P59: =SUM(K59:O59) -> 0
A60: International Travel | B60: For grants using federal funds, a US carrier must be used. | L60: =ROUND(IF($B$6>=L$10,$K$60*$B$5^(L$10-1),0),0) -> 0 | M60: =ROUND(IF($B$6>=M$10,$K$60*$B$5^(M$10-1),0),0) -> 0 | N60: =ROUND(IF($B$6>=N$10,$K$60*$B$5^(N$10-1),0),0) -> 0 | O60: =ROUND(IF($B$6>=O$10,$K$60*$B$5^(O$10-1),0),0) -> 0 | P60: =SUM(K60:O60) -> 0
A61: TOTAL TRAVEL COSTS | K61: =SUM(K59:K60) -> 0 | L61: =SUM(L59:L60) -> 0 | M61: =SUM(M59:M60) -> 0 | N61: =SUM(N59:N60) -> 0 | O61: =SUM(O59:O60) -> 0 | P61: =SUM(P59:P60) -> 0 | Q61: =SUM(K61:O61) -> 0
A64: PARTICIPANT COSTS | B64: (NOTE: This Category is NOT for Student Support or Human Subject costs) | K64: YEAR 1 | L64: YEAR 2 | M64: YEAR 3 | N64: YEAR 4 | O64: YEAR 5 | P64: TOTAL
A65: Tuition | P65: =SUM(K65:O65) -> 0
A66: Stipends | P66: =SUM(K66:O66) -> 0
A67: Travel | P67: =SUM(K67:O67) -> 0
A68: Subsistence | P68: =SUM(K68:O68) -> 0
A69: Other | P69: =SUM(K69:O69) -> 0
A70: TOTAL PARTICIPANT COSTS | K70: =SUM(K65:K69) -> 0 | L70: =SUM(L65:L69) -> 0 | M70: =SUM(M65:M69) -> 0 | N70: =SUM(N65:N69) -> 0 | O70: =SUM(O65:O69) -> 0 | P70: =SUM(P65:P69) -> 0 | Q70: =SUM(K70:O70) -> 0
A71: Number of Participants
A73: OTHER DIRECT COSTS | K73: YEAR 1 | L73: YEAR 2 | M73: YEAR 3 | N73: YEAR 4 | O73: YEAR 5 | P73: TOTAL
A74: Materials & Supplies | B74: (includes software < $2,500) | L74: =ROUND(IF($B$6>=L$10,$K$74*$B$5^(L$10-1),0),0) -> 0 | M74: =ROUND(IF($B$6>=M$10,$K$74*$B$5^(M$10-1),0),0) -> 0 | N74: =ROUND(IF($B$6>=N$10,$K$74*$B$5^(N$10-1),0),0) -> 0 | O74: =ROUND(IF($B$6>=O$10,$K$74*$B$5^(O$10-1),0),0) -> 0 | P74: =SUM(K74:O74) -> 0
A75: Publication Costs | L75: =ROUND(IF($B$6>=L$10,$K$75*$B$5^(L$10-1),0),0) -> 0 | M75: =ROUND(IF($B$6>=M$10,$K$75*$B$5^(M$10-1),0),0) -> 0 | N75: =ROUND(IF($B$6>=N$10,$K$75*$B$5^(N$10-1),0),0) -> 0 | O75: =ROUND(IF($B$6>=O$10,$K$75*$B$5^(O$10-1),0),0) -> 0 | P75: =SUM(K75:O75) -> 0
A76: Human Subjects | L76: =ROUND(IF($B$6>=L$10,$K$76*$B$5^(L$10-1),0),0) -> 0 | M76: =ROUND(IF($B$6>=M$10,$K$76*$B$5^(M$10-1),0),0) -> 0 | N76: =ROUND(IF($B$6>=N$10,$K$76*$B$5^(N$10-1),0),0) -> 0 | O76: =ROUND(IF($B$6>=O$10,$K$76*$B$5^(O$10-1),0),0) -> 0 | P76: =SUM(K76:O76) -> 0
A77: Animal Subjects | B77: current costs (http://www.iit.edu/research/services/orcpd/docs/animal_rates.pdf) | L77: =ROUND(IF($B$6>=L$10,$K$77*$B$5^(L$10-1),0),0) -> 0 | M77: =ROUND(IF($B$6>=M$10,$K$77*$B$5^(M$10-1),0),0) -> 0 | N77: =ROUND(IF($B$6>=N$10,$K$77*$B$5^(N$10-1),0),0) -> 0 | O77: =ROUND(IF($B$6>=O$10,$K$77*$B$5^(O$10-1),0),0) -> 0 | P77: =SUM(K77:O77) -> 0
A78: ADP / Computer Services | L78: =ROUND(IF($B$6>=L$10,$K$78*$B$5^(L$10-1),0),0) -> 0 | M78: =ROUND(IF($B$6>=M$10,$K$78*$B$5^(M$10-1),0),0) -> 0 | N78: =ROUND(IF($B$6>=N$10,$K$78*$B$5^(N$10-1),0),0) -> 0 | O78: =ROUND(IF($B$6>=O$10,$K$78*$B$5^(O$10-1),0),0) -> 0 | P78: =SUM(K78:O78) -> 0
A79: User Fees | L79: =ROUND(IF($B$6>=L$10,$K$79*$B$5^(L$10-1),0),0) -> 0 | M79: =ROUND(IF($B$6>=M$10,$K$79*$B$5^(M$10-1),0),0) -> 0 | N79: =ROUND(IF($B$6>=N$10,$K$79*$B$5^(N$10-1),0),0) -> 0 | O79: =ROUND(IF($B$6>=O$10,$K$79*$B$5^(O$10-1),0),0) -> 0 | P79: =SUM(K79:O79) -> 0
A80: Alterations and Renovations or Equipment or Facility Rental | L80: =ROUND(IF($B$6>=L$10,$K$80*$B$5^(L$10-1),0),0) -> 0 | M80: =ROUND(IF($B$6>=M$10,$K$80*$B$5^(M$10-1),0),0) -> 0 | N80: =ROUND(IF($B$6>=N$10,$K$80*$B$5^(N$10-1),0),0) -> 0 | O80: =ROUND(IF($B$6>=O$10,$K$80*$B$5^(O$10-1),0),0) -> 0 | P80: =SUM(K80:O80) -> 0
A81: Other: | L81: =ROUND(IF($B$6>=L$10,$K$81*$B$5^(L$10-1),0),0) -> 0 | M81: =ROUND(IF($B$6>=M$10,$K$81*$B$5^(M$10-1),0),0) -> 0 | N81: =ROUND(IF($B$6>=N$10,$K$81*$B$5^(N$10-1),0),0) -> 0 | O81: =ROUND(IF($B$6>=O$10,$K$81*$B$5^(O$10-1),0),0) -> 0 | P81: =SUM(K81:O81) -> 0
A82: Graduate Student Tuition | C82: Rate*** | D82: 1925 | E82: Credits | K82: =ROUND(F82*D82,0) -> 0 | L82: =ROUND(IF($B$6>=L$10,G82*$D$82*$B$5^(L$10-1),0),0) -> 0 | M82: =ROUND(IF($B$6>=M$10,H82*$D$82*$B$5^(M$10-1),0),0) -> 0 | N82: =ROUND(IF($B$6>=N$10,I82*$D$82*$B$5^(N$10-1),0),0) -> 0 | O82: =ROUND(IF($B$6>=O$10,J82*$D$82*$B$5^(O$10-1),0),0) -> 0 | P82: =SUM(K82:O82) -> 0
A83: TOTAL OTHER DIRECT COSTS | K83: =SUM(K74:K82) -> 0 | L83: =SUM(L74:L82) -> 0 | M83: =SUM(M74:M82) -> 0 | N83: =SUM(N74:N82) -> 0 | O83: =SUM(O74:O82) -> 0 | P83: =SUM(P74:P82) -> 0 | Q83: =SUM(K83:O83) -> 0
A85: SUBCONTRACT(S) | B85: ( A Statement of Work, Detailed Budget, and Consortium Letter are required from each Subcontractor) | K85: YEAR 1 | L85: YEAR 2 | M85: YEAR 3 | N85: YEAR 4 | O85: YEAR 5 | P85: TOTAL
A86: Subcontractor 1 | P86: =SUM(K86:O86) -> 0
A87: Subcontractor 2 | P87: =SUM(K87:O87) -> 0
A88: Subcontractor 3 | P88: =SUM(K88:O88) -> 0
A89: TOTAL SUBCONTRACT COSTS | B89: (If no federally negotiated IDC rate agreement, 10% MTDC De Minimis F&A rate per 2 CFR 200) | K89: =SUM(K86:K88) -> 0 | L89: =SUM(L86:L88) -> 0 | M89: =SUM(M86:M88) -> 0 | N89: =SUM(N86:N88) -> 0 | O89: =SUM(O86:O88) -> 0 | P89: =SUM(P86:P88) -> 0 | Q89: =SUM(K89:O89) -> 0
A91: IIT IDC on subcontractor costs (IDC charged on the first $25,000 of each subcontract) | K91: YEAR 1 | L91: YEAR 2 | M91: YEAR 3 | N91: YEAR 4 | O91: YEAR 5 | P91: TOTAL
A92: =A86 -> Subcontractor 1 | K92: =IF(K86>=25000,25000,K86) -> 0 | L92: =IF(IF(SUM(K86:L86)>=25000,25000-K86,L86)<=0,0,MIN(L86,25000-K86)) -> 0 | M92: =IF(IF(SUM(K86:M86)>=25000,25000-SUM(K86:L86),M86)<=0,0,MIN(M86,25000-SUM(K86:L86))) -> 0 | N92: =IF(IF(SUM(K86:N86)>=25000,25000-SUM(K86:M86),N86)<=0,0,MIN(N86,25000-SUM(K86:M86))) -> 0 | O92: =IF(IF(SUM(K86:O86)>=25000,25000-SUM(K86:N86),O86)<=0,0,MIN(O86,25000-SUM(K86:N86))) -> 0 | P92: =SUM(K92:O92) -> 0
A93: =A87 -> Subcontractor 2 | K93: =IF(K87>=25000,25000,K87) -> 0 | L93: =IF(IF(SUM(K87:L87)>=25000,25000-K87,L87)<=0,0,MIN(L87,25000-K87)) -> 0 | M93: =IF(IF(SUM(K87:M87)>=25000,25000-SUM(K87:L87),M87)<=0,0,MIN(M87,25000-SUM(K87:L87))) -> 0 | N93: =IF(IF(SUM(K87:N87)>=25000,25000-SUM(K87:M87),N87)<=0,0,MIN(N87,25000-SUM(K87:M87))) -> 0 | O93: =IF(IF(SUM(K87:O87)>=25000,25000-SUM(K87:N87),O87)<=0,0,MIN(O87,25000-SUM(K87:N87))) -> 0 | P93: =SUM(K93:O93) -> 0
A94: =A88 -> Subcontractor 3 | K94: =IF(K88>=25000,25000,K88) -> 0 | L94: =IF(IF(SUM(K88:L88)>=25000,25000-K88,L88)<=0,0,MIN(L88,25000-K88)) -> 0 | M94: =IF(IF(SUM(K88:M88)>=25000,25000-SUM(K88:L88),M88)<=0,0,MIN(M88,25000-SUM(K88:L88))) -> 0 | N94: =IF(IF(SUM(K88:N88)>=25000,25000-SUM(K88:M88),N88)<=0,0,MIN(N88,25000-SUM(K88:M88))) -> 0 | O94: =IF(IF(SUM(K88:O88)>=25000,25000-SUM(K88:N88),O88)<=0,0,MIN(O88,25000-SUM(K88:N88))) -> 0 | P94: =SUM(K94:O94) -> 0
A95: TOTAL SUBCONTRACT IDC | K95: =SUM(K92:K94) -> 0 | L95: =SUM(L92:L94) -> 0 | M95: =SUM(M92:M94) -> 0 | N95: =SUM(N92:N94) -> 0 | O95: =SUM(O92:O94) -> 0 | P95: =SUM(P92:P94) -> 0 | Q95: =SUM(K95:O95) -> 0
K97: YEAR 1 | L97: YEAR 2 | M97: YEAR 3 | N97: YEAR 4 | O97: YEAR 5 | P97: TOTAL
A99: TOTAL DIRECT COSTS | K99: =K46+K51+K56+K70+K83+K89+K61 -> 0 | L99: =L46+L51+L56+L70+L83+L89+L61 -> 0 | M99: =M46+M51+M56+M70+M83+M89+M61 -> 0 | N99: =N46+N51+N56+N70+N83+N89+N61 -> 0 | O99: =O46+O51+O56+O70+O83+O89+O61 -> 0 | P99: =SUM(K99:O99) -> 0 | Q99: =P46+P51+P56+P70+P83+P89+P61 -> 0
A101: INDIRECT COSTS (TYPE MTDC) | B101: =B4 -> 0.55 | K101: =MIN(K107,K108) -> 0 | L101: =MIN(L107,L108) -> 0 | M101: =MIN(M107,M108) -> 0 | N101: =MIN(N107,N108) -> 0 | O101: =MIN(O107,O108) -> 0 | P101: =SUM(K101:O101) -> 0 | Q101: =ROUND(P105*$B$101,0) -> 0
A103: TOTAL REQUEST FROM FUNDING AGENCY | K103: =K99+K101 -> 0 | L103: =L99+L101 -> 0 | M103: =M99+M101 -> 0 | N103: =N99+N101 -> 0 | O103: =O99+O101 -> 0 | P103: =SUM(K103:O103) -> 0 | Q103: =P99+P101 -> 0
A105: IDC Base | K105: =K99-K56-K70-K80-K82-K89+K95 -> 0 | L105: =L99-L56-L70-L80-L82-L89+L95 -> 0 | M105: =M99-M56-M70-M80-M82-M89+M95 -> 0 | N105: =N99-N56-N70-N80-N82-N89+N95 -> 0 | O105: =O99-O56-O70-O80-O82-O89+O95 -> 0 | P105: =SUM(K105:O105) -> 0 | Q105: =P99-P56-P70-P80-P82-P89+P95 -> 0
A107: USDA limits IDC to lesser of negotiated rate or 30% of Federal Share. | I107: Max IDC | J107: 0.3 | K107: =ROUND(K99/0.7*0.3,0) -> 0 | L107: =ROUND(L99/0.7*0.3,0) -> 0 | M107: =ROUND(M99/0.7*0.3,0) -> 0 | N107: =ROUND(N99/0.7*0.3,0) -> 0 | O107: =ROUND(O99/0.7*0.3,0) -> 0 | P107: =SUM(K107:O107) -> 0
I108: IIT Rate | J108: =B4 -> 0.55 | K108: =ROUND(K105*$J$108,0) -> 0 | L108: =ROUND(L105*$J$108,0) -> 0 | M108: =ROUND(M105*$J$108,0) -> 0 | N108: =ROUND(N105*$J$108,0) -> 0 | O108: =ROUND(O105*$J$108,0) -> 0 | P108: =SUM(K108:O108) -> 0
K109: =K101/K103 -> #DIV/0! | L109: =L101/L103 -> #DIV/0! | M109: =M101/M103 -> #DIV/0! | N109: =N101/N103 -> #DIV/0! | O109: =O101/O103 -> #DIV/0! | P109: =P101/P103 -> #DIV/0!
A111: COST SHARE (ALL COST SHARE INCLUDING IIT TUITION COST SHARE IS SUBJECT TO APPROVAL OF THE APPROPRIATE DEAN)
A112: IIT (Tuition Match)* | C112: Rate | D112: =D82 -> 1925 | E112: Credits | K112: =ROUND(F112*D112,0) -> 0 | L112: =ROUND(IF($B$6>=L$10,G112*$D$82*$B$5^(L$10-1),0),0) -> 0 | M112: =ROUND(IF($B$6>=M$10,H112*$D$82*$B$5^(M$10-1),0),0) -> 0 | N112: =ROUND(IF($B$6>=N$10,I112*$D$82*$B$5^(N$10-1),0),0) -> 0 | O112: =ROUND(IF($B$6>=O$10,J112*$D$82*$B$5^(O$10-1),0),0) -> 0 | P112: =SUM(K112:O112) -> 0
A113: Other Cost Share** | K113: ='Cost Share'!K82 -> 0 | L113: ='Cost Share'!L82 -> 0 | M113: ='Cost Share'!M82 -> 0 | N113: ='Cost Share'!N82 -> 0 | O113: ='Cost Share'!O82 -> 0 | P113: =SUM(K113:O113) -> 0
A114: TOTAL COST SHARE | K114: =SUM(K112:K113) -> 0 | L114: =SUM(L112:L113) -> 0 | M114: =SUM(M112:M113) -> 0 | N114: =SUM(N112:N113) -> 0 | O114: =SUM(O112:O113) -> 0 | P114: =SUM(K114:O114) -> 0 | Q114: =P112+P113 -> 0
A116: TOTAL PROJECT BUDGET (including cost share) | K116: =K103+K114 -> 0 | L116: =L103+L114 -> 0 | M116: =M103+M114 -> 0 | N116: =N103+N114 -> 0 | O116: =O103+O114 -> 0 | P116: =SUM(K116:O116) -> 0 | Q116: =P103+P114 -> 0
O117: Cost Share % | P117: =P114/P116 -> #DIV/0!
A118: * IIT Tuition Match (not included in Total Request from Funding Agency above)
A119: IIT will cost share 1/2 tuition costs on PhD students where the project is charged the negotiated indirect costs rate (except FDA) AND where each graduate student is paid a minimum stipend of $29,264 / year ($2,447) / month) in FY 2027 (starting 6/1/2026). UG Stipend Min stipend/hr ratein FY 2027 is $17,732. Chicago Min Wage on 7/1/2026 = $17.05 (17.05 x 1040 = 17,743)
...

Sheet Cost Share
A1: PI Name: | B1: =Budget!B1 -> 0 | G1: OSRP # | H1: =Budget!H1 -> 0
A2: Solicitation: | B2: =Budget!B2 -> 0
A4: IDC Rate (TYPE MTDC) | B4: =Budget!B4 -> 0.55 | D4: FRINGE BENEFIT RATES
A5: Inflation Rate | B5: =Budget!B5 -> 1.04 | D5: Academic | E5: =Budget!E5 -> 0.27 | F5: Staff | G5: =Budget!G5 -> 0.298
A6: Number of Budget Years | B6: =Budget!B6 -> 3 | D6: Summer | E6: =Budget!E6 -> 0.076 | F6: Student | G6: =Budget!G6 -> 0
A7: COST SHARE ACCOUNT NUMBER
D8: Acad. Appt. Months | F8: No. of Months Year 1 | G8: No. of Months Year 2 | H8: No. of Months Year 3 | I8: No. of Months Year 4 | J8: No. of Months Year 5
A9: SALARIES & WAGES | K9: Year | L9: Year | M9: Year | N9: Year | O9: Year | P9: TOTAL BUDGET
A10: Name | B10: Role | C10: Fringe Type | E10: Base Salary | K10: 1 | L10: 2 | M10: 3 | N10: 4 | O10: 5 | Q10: Check Sum
A11: =Budget!A11 -> 0 | B11: =Budget!B11 -> PI | C11: =Budget!C11 -> Academic | D11: =Budget!D11 -> 0 | E11: =Budget!E11 -> 0 | K11: =IF(D11>0,ROUND(($F11*$E11)/D11,0),0) -> 0 | L11: =IF($D$11>0,ROUND((G11*$E11*$B$5^(L10-1))/$D$11,0),0) -> 0 | M11: =IF($D$11>0,ROUND((H11*$E11*$B$5^(M10-1))/$D$11,0),0) -> 0 | N11: =IF($D$11>0,ROUND((I11*$E11*$B$5^(N10-1))/$D$11,0),0) -> 0 | O11: =IF($D$11>0,ROUND((J11*$E11*$B$5^(O10-1))/$D$11,0),0) -> 0 | P11: =SUM(K11:O11) -> 0
A12: =Budget!A12 -> 0 | B12: =Budget!B12 -> PI | C12: =Budget!C12 -> Summer | D12: =Budget!D12 -> 0 | E12: =Budget!E12 -> 0 | K12: =IF(D12>0,ROUND(($F12*$E12)/D12,0),0) -> 0 | L12: =IF($D$12>0,ROUND((G12*$E12*$B$5^(L$10-1))/$D$12,0),0) -> 0 | M12: =IF($D$12>0,ROUND((H12*$E12*$B$5^(M$10-1))/$D$12,0),0) -> 0 | N12: =IF($D$12>0,ROUND((I12*$E12*$B$5^(N$10-1))/$D$12,0),0) -> 0 | O12: =IF($D$12>0,ROUND((J12*$E12*$B$5^(O$10-1))/$D$12,0),0) -> 0 | P12: =SUM(K12:O12) -> 0
A13: =Budget!A13 -> 0 | B13: =Budget!B13 -> Co-PI 1 | C13: =Budget!C13 -> Academic | D13: =Budget!D13 -> 0 | E13: =Budget!E13 -> 0 | K13: =IF(D13>0,ROUND(($F13*$E13)/D13,0),0) -> 0 | L13: =IF($D$13>0,ROUND((G13*$E13*$B$5^(L$10-1))/$D$13,0),0) -> 0 | M13: =IF($D$13>0,ROUND((H13*$E13*$B$5^(M$10-1))/$D$13,0),0) -> 0 | N13: =IF($D$13>0,ROUND((I13*$E13*$B$5^(N$10-1))/$D$13,0),0) -> 0 | O13: =IF($D$13>0,ROUND((J13*$E13*$B$5^(O$10-1))/$D$13,0),0) -> 0 | P13: =SUM(K13:O13) -> 0
A14: =Budget!A14 -> 0 | B14: =Budget!B14 -> Co-PI 1 | C14: =Budget!C14 -> Summer | D14: =Budget!D14 -> 0 | E14: =Budget!E14 -> 0 | K14: =IF(D14>0,ROUND(($F14*$E14)/D14,0),0) -> 0 | L14: =IF($D$14>0,ROUND((G14*$E14*$B$5^(L$10-1))/$D$14,0),0) -> 0 | M14: =IF($D$14>0,ROUND((H14*$E14*$B$5^(M$10-1))/$D$14,0),0) -> 0 | N14: =IF($D$14>0,ROUND((I14*$E14*$B$5^(N$10-1))/$D$14,0),0) -> 0 | O14: =IF($D$14>0,ROUND((J14*$E14*$B$5^(O$10-1))/$D$14,0),0) -> 0 | P14: =SUM(K14:O14) -> 0
A15: =Budget!A15 -> 0 | B15: =Budget!B15 -> Co-PI 2 | C15: =Budget!C15 -> Academic | D15: =Budget!D15 -> 0 | E15: =Budget!E15 -> 0 | K15: =IF(D15>0,ROUND(($F15*$E15)/D15,0),0) -> 0 | L15: =IF($D$15>0,ROUND((G15*$E15*$B$5^(L$10-1))/$D$15,0),0) -> 0 | M15: =IF($D$15>0,ROUND((H15*$E15*$B$5^(M$10-1))/$D$15,0),0) -> 0 | N15: =IF($D$15>0,ROUND((I15*$E15*$B$5^(N$10-1))/$D$15,0),0) -> 0 | O15: =IF($D$15>0,ROUND((J15*$E15*$B$5^(O$10-1))/$D$15,0),0) -> 0 | P15: =SUM(K15:O15) -> 0
A16: =Budget!A16 -> 0 | B16: =Budget!B16 -> Co-PI 2 | C16: =Budget!C16 -> Summer | D16: =Budget!D16 -> 0 | E16: =Budget!E16 -> 0 | K16: =IF(D16>0,ROUND(($F16*$E16)/D16,0),0) -> 0 | L16: =IF($D$16>0,ROUND((G16*$E16*$B$5^(L$10-1))/$D$16,0),0) -> 0 | M16: =IF($D$16>0,ROUND((H16*$E16*$B$5^(M$10-1))/$D$16,0),0) -> 0 | N16: =IF($D$16>0,ROUND((I16*$E16*$B$5^(N$10-1))/$D$16,0),0) -> 0 | O16: =IF($D$16>0,ROUND((J16*$E16*$B$5^(O$10-1))/$D$16,0),0) -> 0 | P16: =SUM(K16:O16) -> 0
A17: =Budget!A17 -> 0 | B17: =Budget!B17 -> Co-PI 3 | C17: =Budget!C17 -> Academic | D17: =Budget!D17 -> 0 | E17: =Budget!E17 -> 0 | K17: =IF(D17>0,ROUND(($F17*$E17)/D17,0),0) -> 0 | L17: =IF($D$17>0,ROUND((G17*$E17*$B$5^(L$10-1))/$D$17,0),0) -> 0 | M17: =IF($D$17>0,ROUND((H17*$E17*$B$5^(M$10-1))/$D$17,0),0) -> 0 | N17: =IF($D$17>0,ROUND((I17*$E17*$B$5^(N$10-1))/$D$17,0),0) -> 0 | O17: =IF($D$17>0,ROUND((J17*$E17*$B$5^(O$10-1))/$D$17,0),0) -> 0 | P17: =SUM(K17:O17) -> 0
A18: =Budget!A18 -> 0 | B18: =Budget!B18 -> Co-PI 3 | C18: =Budget!C18 -> Summer | D18: =Budget!D18 -> 0 | E18: =Budget!E18 -> 0 | K18: =IF(D18>0,ROUND(($F18*$E18)/D18,0),0) -> 0 | L18: =IF($D$18>0,ROUND((G18*$E18*$B$5^(L$10-1))/$D$18,0),0) -> 0 | M18: =IF($D$18>0,ROUND((H18*$E18*$B$5^(M$10-1))/$D$18,0),0) -> 0 | N18: =IF($D$18>0,ROUND((I18*$E18*$B$5^(N$10-1))/$D$18,0),0) -> 0 | O18: =IF($D$18>0,ROUND((J18*$E18*$B$5^(O$10-1))/$D$18,0),0) -> 0 | P18: =SUM(K18:O18) -> 0
A19: =Budget!A19 -> 0 | B19: =Budget!B19 -> Co-PI 4 | C19: =Budget!C19 -> Academic | D19: =Budget!D19 -> 0 | E19: =Budget!E19 -> 0 | K19: =IF(D19>0,ROUND(($F19*$E19)/D19,0),0) -> 0 | L19: =IF($D$19>0,ROUND((G19*$E19*$B$5^(L$10-1))/$D$19,0),0) -> 0 | M19: =IF($D$19>0,ROUND((H19*$E19*$B$5^(M$10-1))/$D$19,0),0) -> 0 | N19: =IF($D$19>0,ROUND((I19*$E19*$B$5^(N$10-1))/$D$19,0),0) -> 0 | O19: =IF($D$19>0,ROUND((J19*$E19*$B$5^(O$10-1))/$D$19,0),0) -> 0 | P19: =SUM(K19:O19) -> 0
A20: =Budget!A20 -> 0 | B20: =Budget!B20 -> Co-PI 4 | C20: =Budget!C20 -> Summer | D20: =Budget!D20 -> 0 | E20: =Budget!E20 -> 0 | K20: =IF(D20>0,ROUND(($F20*$E20)/D20,0),0) -> 0 | L20: =IF($D$20>0,ROUND((G20*$E20*$B$5^(L$10-1))/$D$20,0),0) -> 0 | M20: =IF($D$20>0,ROUND((H20*$E20*$B$5^(M$10-1))/$D$20,0),0) -> 0 | N20: =IF($D$20>0,ROUND((I20*$E20*$B$5^(N$10-1))/$D$20,0),0) -> 0 | O20: =IF($D$20>0,ROUND((J20*$E20*$B$5^(O$10-1))/$D$20,0),0) -> 0 | P20: =SUM(K20:O20) -> 0
A21: =Budget!A21 -> 0 | B21: =Budget!B21 -> Post-doc | C21: =Budget!C21 -> Academic | D21: =Budget!D21 -> 0 | E21: =Budget!E21 -> 0 | K21: =IF(D21>0,ROUND(($F21*$E21)/D21,0),0) -> 0 | L21: =IF($D$21>0,ROUND((G21*$E21*$B$5^(L$10-1))/$D$21,0),0) -> 0 | M21: =IF($D$21>0,ROUND((H21*$E21*$B$5^(M$10-1))/$D$21,0),0) -> 0 | N21: =IF($D$21>0,ROUND((I21*$E21*$B$5^(N$10-1))/$D$21,0),0) -> 0 | O21: =IF($D$21>0,ROUND((J21*$E21*$B$5^(O$10-1))/$D$21,0),0) -> 0 | P21: =SUM(K21:O21) -> 0
A22: =Budget!A22 -> 0 | B22: =Budget!B22 -> Grad Student | C22: =Budget!C22 -> Student | D22: =Budget!D22 -> 0 | E22: =Budget!E22 -> 0 | K22: =IF(D22>0,ROUND(($F22*$E22)/D22,0),0) -> 0 | L22: =IF($D$22>0,ROUND((G22*$E22*$B$5^(L$10-1))/$D$22,0),0) -> 0 | M22: =IF($D$22>0,ROUND((H22*$E22*$B$5^(M$10-1))/$D$22,0),0) -> 0 | N22: =IF($D$22>0,ROUND((I22*$E22*$B$5^(N$10-1))/$D$22,0),0) -> 0 | O22: =IF($D$22>0,ROUND((J22*$E22*$B$5^(O$10-1))/$D$22,0),0) -> 0 | P22: =SUM(K22:O22) -> 0
A23: =Budget!A23 -> 0 | B23: =Budget!B23 -> Grad Student | C23: =Budget!C23 -> Student | D23: =Budget!D23 -> 0 | E23: =Budget!E23 -> 0 | K23: =IF(D23>0,ROUND(($F23*$E23)/D23,0),0) -> 0 | L23: =IF($D$23>0,ROUND((G23*$E23*$B$5^(L$10-1))/$D$23,0),0) -> 0 | M23: =IF($D$23>0,ROUND((H23*$E23*$B$5^(M$10-1))/$D$23,0),0) -> 0 | N23: =IF($D$23>0,ROUND((I23*$E23*$B$5^(N$10-1))/$D$23,0),0) -> 0 | O23: =IF($D$23>0,ROUND((J23*$E23*$B$5^(O$10-1))/$D$23,0),0) -> 0 | P23: =SUM(K23:O23) -> 0
A24: =Budget!A24 -> 0 | B24: =Budget!B24 -> UG Student | C24: =Budget!C24 -> Student | D24: =Budget!D24 -> 0 | E24: =Budget!E24 -> 0 | K24: =IF(D24>0,ROUND(($F24*$E24)/D24,0),0) -> 0 | L24: =IF($D$24>0,ROUND((G24*$E24*$B$5^(L$10-1))/$D$24,0),0) -> 0 | M24: =IF($D$24>0,ROUND((H24*$E24*$B$5^(M$10-1))/$D$24,0),0) -> 0 | N24: =IF($D$24>0,ROUND((I24*$E24*$B$5^(N$10-1))/$D$24,0),0) -> 0 | O24: =IF($D$24>0,ROUND((J24*$E24*$B$5^(O$10-1))/$D$24,0),0) -> 0 | P24: =SUM(K24:O24) -> 0
A25: =Budget!A25 -> 0 | B25: =Budget!B25 -> UG Student | C25: =Budget!C25 -> Student | D25: =Budget!D25 -> 0 | E25: =Budget!E25 -> 0 | K25: =IF(D25>0,ROUND(($F25*$E25)/D25,0),) -> 0 | L25: =IF($D$25>0,ROUND((G25*$E25*$B$5^(L$10-1))/$D$25,0),0) -> 0 | M25: =IF($D$25>0,ROUND((H25*$E25*$B$5^(M$10-1))/$D$25,0),0) -> 0 | N25: =IF($D$25>0,ROUND((I25*$E25*$B$5^(N$10-1))/$D$25,0),0) -> 0 | O25: =IF($D$25>0,ROUND((J25*$E25*$B$5^(O$10-1))/$D$25,0),0) -> 0 | P25: =SUM(K25:O25) -> 0
A26: TOTAL SALARIES & WAGES | K26: =SUM(K11:K25) -> 0 | L26: =SUM(L11:L25) -> 0 | M26: =SUM(M11:M25) -> 0 | N26: =SUM(N11:N25) -> 0 | O26: =SUM(O11:O25) -> 0 | P26: =SUM(P11:P25) -> 0 | Q26: =SUM(K26:O26) -> 0
A28: FRINGE BENEFITS | K28: YEAR 1 | L28: YEAR 2 | M28: YEAR 3 | N28: YEAR 4 | O28: YEAR 5 | P28: TOTAL
A29: =A11 -> 0 | B29: =B11 -> PI | C29: =C11 -> Academic | K29: =ROUND(IF($C$29="Academic",K11*$E$5,IF($C$29="Summer",K11*$E$6,IF($C$29="Staff",K11*$G$5,IF($C$29="Student",K11*$G$6,0)))),0) -> 0 | L29: =ROUND(IF($C$29="Academic",L11*$E$5,IF($C$29="Summer",L11*$E$6,IF($C$29="Staff",L11*$G$5,IF($C$29="Student",L11*$G$6,0)))),0) -> 0 | M29: =ROUND(IF($C$29="Academic",M11*$E$5,IF($C$29="Summer",M11*$E$6,IF($C$29="Staff",M11*$G$5,IF($C$29="Student",M11*$G$6,0)))),0) -> 0 | N29: =ROUND(IF($C$29="Academic",N11*$E$5,IF($C$29="Summer",N11*$E$6,IF($C$29="Staff",N11*$G$5,IF($C$29="Student",N11*$G$6,0)))),0) -> 0 | O29: =ROUND(IF($C$29="Academic",O11*$E$5,IF($C$29="Summer",O11*$E$6,IF($C$29="Staff",O11*$G$5,IF($C$29="Student",O11*$G$6,0)))),0) -> 0 | P29: =SUM(K29:O29) -> 0
A30: =A12 -> 0 | B30: =B12 -> PI | C30: =C12 -> Summer | K30: =ROUND(IF($C$30="Academic",K12*$E$5,IF($C$30="Summer",K12*$E$6,IF($C$30="Staff",K12*$G$5,IF($C$30="Student",K12*$G$6,0)))),0) -> 0 | L30: =ROUND(IF($C$30="Academic",L12*$E$5,IF($C$30="Summer",L12*$E$6,IF($C$30="Staff",L12*$G$5,IF($C$30="Student",L12*$G$6,0)))),0) -> 0 | M30: =ROUND(IF($C$30="Academic",M12*$E$5,IF($C$30="Summer",M12*$E$6,IF($C$30="Staff",M12*$G$5,IF($C$30="Student",M12*$G$6,0)))),0) -> 0 | N30: =ROUND(IF($C$30="Academic",N12*$E$5,IF($C$30="Summer",N12*$E$6,IF($C$30="Staff",N12*$G$5,IF($C$30="Student",N12*$G$6,0)))),0) -> 0 | O30: =ROUND(IF($C$30="Academic",O12*$E$5,IF($C$30="Summer",O12*$E$6,IF($C$30="Staff",O12*$G$5,IF($C$30="Student",O12*$G$6,0)))),0) -> 0 | P30: =SUM(K30:O30) -> 0
A31: =A13 -> 0 | B31: =B13 -> Co-PI 1 | C31: =C13 -> Academic | K31: =ROUND(IF($C$31="Academic",K13*$E$5,IF($C$31="Summer",K13*$E$6,IF($C$31="Staff",K13*$G$5,IF($C$31="Student",K13*$G$6,0)))),0) -> 0 | L31: =ROUND(IF($C$31="Academic",L13*$E$5,IF($C$31="Summer",L13*$E$6,IF($C$31="Staff",L13*$G$5,IF($C$31="Student",L13*$G$6,0)))),0) -> 0 | M31: =ROUND(IF($C$31="Academic",M13*$E$5,IF($C$31="Summer",M13*$E$6,IF($C$31="Staff",M13*$G$5,IF($C$31="Student",M13*$G$6,0)))),0) -> 0 | N31: =ROUND(IF($C$31="Academic",N13*$E$5,IF($C$31="Summer",N13*$E$6,IF($C$31="Staff",N13*$G$5,IF($C$31="Student",N13*$G$6,0)))),0) -> 0 | O31: =ROUND(IF($C$31="Academic",O13*$E$5,IF($C$31="Summer",O13*$E$6,IF($C$31="Staff",O13*$G$5,IF($C$31="Student",O13*$G$6,0)))),0) -> 0 | P31: =SUM(K31:O31) -> 0
A32: =A14 -> 0 | B32: =B14 -> Co-PI 1 | C32: =C14 -> Summer | K32: =ROUND(IF($C$32="Academic",K14*$E$5,IF($C$32="Summer",K14*$E$6,IF($C$32="Staff",K14*$G$5,IF($C$32="Student",K14*$G$6,0)))),0) -> 0 | L32: =ROUND(IF($C$32="Academic",L14*$E$5,IF($C$32="Summer",L14*$E$6,IF($C$32="Staff",L14*$G$5,IF($C$32="Student",L14*$G$6,0)))),0) -> 0 | M32: =ROUND(IF($C$32="Academic",M14*$E$5,IF($C$32="Summer",M14*$E$6,IF($C$32="Staff",M14*$G$5,IF($C$32="Student",M14*$G$6,0)))),0) -> 0 | N32: =ROUND(IF($C$32="Academic",N14*$E$5,IF($C$32="Summer",N14*$E$6,IF($C$32="Staff",N14*$G$5,IF($C$32="Student",N14*$G$6,0)))),0) -> 0 | O32: =ROUND(IF($C$32="Academic",O14*$E$5,IF($C$32="Summer",O14*$E$6,IF($C$32="Staff",O14*$G$5,IF($C$32="Student",O14*$G$6,0)))),0) -> 0 | P32: =SUM(K32:O32) -> 0
A33: =A15 -> 0 | B33: =B15 -> Co-PI 2 | C33: =C15 -> Academic | K33: =ROUND(IF($C$33="Academic",K15*$E$5,IF($C$33="Summer",K15*$E$6,IF($C$33="Staff",K15*$G$5,IF($C$33="Student",K15*$G$6,0)))),0) -> 0 | L33: =ROUND(IF($C$33="Academic",L15*$E$5,IF($C$33="Summer",L15*$E$6,IF($C$33="Staff",L15*$G$5,IF($C$33="Student",L15*$G$6,0)))),0) -> 0 | M33: =ROUND(IF($C$33="Academic",M15*$E$5,IF($C$33="Summer",M15*$E$6,IF($C$33="Staff",M15*$G$5,IF($C$33="Student",M15*$G$6,0)))),0) -> 0 | N33: =ROUND(IF($C$33="Academic",N15*$E$5,IF($C$33="Summer",N15*$E$6,IF($C$33="Staff",N15*$G$5,IF($C$33="Student",N15*$G$6,0)))),0) -> 0 | O33: =ROUND(IF($C$33="Academic",O15*$E$5,IF($C$33="Summer",O15*$E$6,IF($C$33="Staff",O15*$G$5,IF($C$33="Student",O15*$G$6,0)))),0) -> 0 | P33: =SUM(K33:O33) -> 0
A34: =A16 -> 0 | B34: =B16 -> Co-PI 2 | C34: =C16 -> Summer | K34: =ROUND(IF($C$34="Academic",K16*$E$5,IF($C$34="Summer",K16*$E$6,IF($C$34="Staff",K16*$G$5,IF($C$34="Student",K16*$G$6,0)))),0) -> 0 | L34: =ROUND(IF($C$34="Academic",L16*$E$5,IF($C$34="Summer",L16*$E$6,IF($C$34="Staff",L16*$G$5,IF($C$34="Student",L16*$G$6,0)))),0) -> 0 | M34: =ROUND(IF($C$34="Academic",M16*$E$5,IF($C$34="Summer",M16*$E$6,IF($C$34="Staff",M16*$G$5,IF($C$34="Student",M16*$G$6,0)))),0) -> 0 | N34: =ROUND(IF($C$34="Academic",N16*$E$5,IF($C$34="Summer",N16*$E$6,IF($C$34="Staff",N16*$G$5,IF($C$34="Student",N16*$G$6,0)))),0) -> 0 | O34: =ROUND(IF($C$34="Academic",O16*$E$5,IF($C$34="Summer",O16*$E$6,IF($C$34="Staff",O16*$G$5,IF($C$34="Student",O16*$G$6,0)))),0) -> 0 | P34: =SUM(K34:O34) -> 0
A35: =A17 -> 0 | B35: =B17 -> Co-PI 3 | C35: =C17 -> Academic | K35: =ROUND(IF($C$35="Academic",K17*$E$5,IF($C$35="Summer",K17*$E$6,IF($C$35="Staff",K17*$G$5,IF($C$35="Student",K17*$G$6,0)))),0) -> 0 | L35: =ROUND(IF($C$35="Academic",L17*$E$5,IF($C$35="Summer",L17*$E$6,IF($C$35="Staff",L17*$G$5,IF($C$35="Student",L17*$G$6,0)))),0) -> 0 | M35: =ROUND(IF($C$35="Academic",M17*$E$5,IF($C$35="Summer",M17*$E$6,IF($C$35="Staff",M17*$G$5,IF($C$35="Student",M17*$G$6,0)))),0) -> 0 | N35: =ROUND(IF($C$35="Academic",N17*$E$5,IF($C$35="Summer",N17*$E$6,IF($C$35="Staff",N17*$G$5,IF($C$35="Student",N17*$G$6,0)))),0) -> 0 | O35: =ROUND(IF($C$35="Academic",O17*$E$5,IF($C$35="Summer",O17*$E$6,IF($C$35="Staff",O17*$G$5,IF($C$35="Student",O17*$G$6,0)))),0) -> 0 | P35: =SUM(K35:O35) -> 0
A36: =A18 -> 0 | B36: =B18 -> Co-PI 3 | C36: =C18 -> Summer | K36: =ROUND(IF($C$36="Academic",K18*$E$5,IF($C$36="Summer",K18*$E$6,IF($C$36="Staff",K18*$G$5,IF($C$36="Student",K18*$G$6,0)))),0) -> 0 | L36: =ROUND(IF($C$36="Academic",L18*$E$5,IF($C$36="Summer",L18*$E$6,IF($C$36="Staff",L18*$G$5,IF($C$36="Student",L18*$G$6,0)))),0) -> 0 | M36: =ROUND(IF($C$36="Academic",M18*$E$5,IF($C$36="Summer",M18*$E$6,IF($C$36="Staff",M18*$G$5,IF($C$36="Student",M18*$G$6,0)))),0) -> 0 | N36: =ROUND(IF($C$36="Academic",N18*$E$5,IF($C$36="Summer",N18*$E$6,IF($C$36="Staff",N18*$G$5,IF($C$36="Student",N18*$G$6,0)))),0) -> 0 | O36: =ROUND(IF($C$36="Academic",O18*$E$5,IF($C$36="Summer",O18*$E$6,IF($C$36="Staff",O18*$G$5,IF($C$36="Student",O18*$G$6,0)))),0) -> 0 | P36: =SUM(K36:O36) -> 0
A37: =A19 -> 0 | B37: =B19 -> Co-PI 4 | C37: =C19 -> Academic | K37: =ROUND(IF($C$37="Academic",K19*$E$5,IF($C$37="Summer",K19*$E$6,IF($C$37="Staff",K19*$G$5,IF($C$37="Student",K19*$G$6,0)))),0) -> 0 | L37: =ROUND(IF($C$37="Academic",L19*$E$5,IF($C$37="Summer",L19*$E$6,IF($C$37="Staff",L19*$G$5,IF($C$37="Student",L19*$G$6,0)))),0) -> 0 | M37: =ROUND(IF($C$37="Academic",M19*$E$5,IF($C$37="Summer",M19*$E$6,IF($C$37="Staff",M19*$G$5,IF($C$37="Student",M19*$G$6,0)))),0) -> 0 | N37: =ROUND(IF($C$37="Academic",N19*$E$5,IF($C$37="Summer",N19*$E$6,IF($C$37="Staff",N19*$G$5,IF($C$37="Student",N19*$G$6,0)))),0) -> 0 | O37: =ROUND(IF($C$37="Academic",O19*$E$5,IF($C$37="Summer",O19*$E$6,IF($C$37="Staff",O19*$G$5,IF($C$37="Student",O19*$G$6,0)))),0) -> 0 | P37: =SUM(K37:O37) -> 0
A38: =A20 -> 0 | B38: =B20 -> Co-PI 4 | C38: =C20 -> Summer | K38: =ROUND(IF($C$38="Academic",K20*$E$5,IF($C$38="Summer",K20*$E$6,IF($C$38="Staff",K20*$G$5,IF($C$38="Student",K20*$G$6,0)))),0) -> 0 | L38: =ROUND(IF($C$38="Academic",L20*$E$5,IF($C$38="Summer",L20*$E$6,IF($C$38="Staff",L20*$G$5,IF($C$38="Student",L20*$G$6,0)))),0) -> 0 | M38: =ROUND(IF($C$38="Academic",M20*$E$5,IF($C$38="Summer",M20*$E$6,IF($C$38="Staff",M20*$G$5,IF($C$38="Student",M20*$G$6,0)))),0) -> 0 | N38: =ROUND(IF($C$38="Academic",N20*$E$5,IF($C$38="Summer",N20*$E$6,IF($C$38="Staff",N20*$G$5,IF($C$38="Student",N20*$G$6,0)))),0) -> 0 | O38: =ROUND(IF($C$38="Academic",O20*$E$5,IF($C$38="Summer",O20*$E$6,IF($C$38="Staff",O20*$G$5,IF($C$38="Student",O20*$G$6,0)))),0) -> 0 | P38: =SUM(K38:O38) -> 0
A39: =A21 -> 0 | B39: =B21 -> Post-doc | C39: =C21 -> Academic | K39: =ROUND(IF($C$39="Academic",K21*$E$5,IF($C$39="Summer",K21*$E$6,IF($C$39="Staff",K21*$G$5,IF($C$39="Student",K21*$G$6,0)))),0) -> 0 | L39: =ROUND(IF($C$39="Academic",L21*$E$5,IF($C$39="Summer",L21*$E$6,IF($C$39="Staff",L21*$G$5,IF($C$39="Student",L21*$G$6,0)))),0) -> 0 | M39: =ROUND(IF($C$39="Academic",M21*$E$5,IF($C$39="Summer",M21*$E$6,IF($C$39="Staff",M21*$G$5,IF($C$39="Student",M21*$G$6,0)))),0) -> 0 | N39: =ROUND(IF($C$39="Academic",N21*$E$5,IF($C$39="Summer",N21*$E$6,IF($C$39="Staff",N21*$G$5,IF($C$39="Student",N21*$G$6,0)))),0) -> 0 | O39: =ROUND(IF($C$39="Academic",O21*$E$5,IF($C$39="Summer",O21*$E$6,IF($C$39="Staff",O21*$G$5,IF($C$39="Student",O21*$G$6,0)))),0) -> 0 | P39: =SUM(K39:O39) -> 0
A40: =A22 -> 0 | B40: =B22 -> Grad Student | C40: =C22 -> Student | K40: =ROUND(IF($C$40="Academic",K22*$E$5,IF($C$40="Summer",K22*$E$6,IF($C$40="Staff",K22*$G$5,IF($C$40="Student",K22*$G$6,0)))),0) -> 0 | L40: =ROUND(IF($C$40="Academic",L22*$E$5,IF($C$40="Summer",L22*$E$6,IF($C$40="Staff",L22*$G$5,IF($C$40="Student",L22*$G$6,0)))),0) -> 0 | M40: =ROUND(IF($C$40="Academic",M22*$E$5,IF($C$40="Summer",M22*$E$6,IF($C$40="Staff",M22*$G$5,IF($C$40="Student",M22*$G$6,0)))),0) -> 0 | N40: =ROUND(IF($C$40="Academic",N22*$E$5,IF($C$40="Summer",N22*$E$6,IF($C$40="Staff",N22*$G$5,IF($C$40="Student",N22*$G$6,0)))),0) -> 0 | O40: =ROUND(IF($C$40="Academic",O22*$E$5,IF($C$40="Summer",O22*$E$6,IF($C$40="Staff",O22*$G$5,IF($C$40="Student",O22*$G$6,0)))),0) -> 0 | P40: =SUM(K40:O40) -> 0
A41: =A23 -> 0 | B41: =B23 -> Grad Student | C41: =C23 -> Student | K41: =ROUND(IF($C$41="Academic",K23*$E$5,IF($C$41="Summer",K23*$E$6,IF($C$41="Staff",K23*$G$5,IF($C$41="Student",K23*$G$6,0)))),0) -> 0 | L41: =ROUND(IF($C$41="Academic",L23*$E$5,IF($C$41="Summer",L23*$E$6,IF($C$41="Staff",L23*$G$5,IF($C$41="Student",L23*$G$6,0)))),0) -> 0 | M41: =ROUND(IF($C$41="Academic",M23*$E$5,IF($C$41="Summer",M23*$E$6,IF($C$41="Staff",M23*$G$5,IF($C$41="Student",M23*$G$6,0)))),0) -> 0 | N41: =ROUND(IF($C$41="Academic",N23*$E$5,IF($C$41="Summer",N23*$E$6,IF($C$41="Staff",N23*$G$5,IF($C$41="Student",N23*$G$6,0)))),0) -> 0 | O41: =ROUND(IF($C$41="Academic",O23*$E$5,IF($C$41="Summer",O23*$E$6,IF($C$41="Staff",O23*$G$5,IF($C$41="Student",O23*$G$6,0)))),0) -> 0 | P41: =SUM(K41:O41) -> 0
A42: =A24 -> 0 | B42: =B24 -> UG Student | C42: =C24 -> Student | K42: =ROUND(IF($C$42="Academic",K24*$E$5,IF($C$42="Summer",K24*$E$6,IF($C$42="Staff",K24*$G$5,IF($C$42="Student",K24*$G$6,0)))),0) -> 0 | L42: =ROUND(IF($C$42="Academic",L24*$E$5,IF($C$42="Summer",L24*$E$6,IF($C$42="Staff",L24*$G$5,IF($C$42="Student",L24*$G$6,0)))),0) -> 0 | M42: =ROUND(IF($C$42="Academic",M24*$E$5,IF($C$42="Summer",M24*$E$6,IF($C$42="Staff",M24*$G$5,IF($C$42="Student",M24*$G$6,0)))),0) -> 0 | N42: =ROUND(IF($C$42="Academic",N24*$E$5,IF($C$42="Summer",N24*$E$6,IF($C$42="Staff",N24*$G$5,IF($C$42="Student",N24*$G$6,0)))),0) -> 0 | O42: =ROUND(IF($C$42="Academic",O24*$E$5,IF($C$42="Summer",O24*$E$6,IF($C$42="Staff",O24*$G$5,IF($C$42="Student",O24*$G$6,0)))),0) -> 0 | P42: =SUM(K42:O42) -> 0
A43: =A25 -> 0 | B43: =B25 -> UG Student | C43: =C25 -> Student | K43: =ROUND(IF($C$43="Academic",K25*$E$5,IF($C$43="Summer",K25*$E$6,IF($C$43="Staff",K25*$G$5,IF($C$43="Student",K25*$G$6,0)))),0) -> 0 | L43: =ROUND(IF($C$43="Academic",L25*$E$5,IF($C$43="Summer",L25*$E$6,IF($C$43="Staff",L25*$G$5,IF($C$43="Student",L25*$G$6,0)))),0) -> 0 | M43: =ROUND(IF($C$43="Academic",M25*$E$5,IF($C$43="Summer",M25*$E$6,IF($C$43="Staff",M25*$G$5,IF($C$43="Student",M25*$G$6,0)))),0) -> 0 | N43: =ROUND(IF($C$43="Academic",N25*$E$5,IF($C$43="Summer",N25*$E$6,IF($C$43="Staff",N25*$G$5,IF($C$43="Student",N25*$G$6,0)))),0) -> 0 | O43: =ROUND(IF($C$43="Academic",O25*$E$5,IF($C$43="Summer",O25*$E$6,IF($C$43="Staff",O25*$G$5,IF($C$43="Student",O25*$G$6,0)))),0) -> 0 | P43: =SUM(K43:O43) -> 0
A44: TOTAL FRINGE BENEFITS | K44: =SUM(K29:K43) -> 0 | L44: =SUM(L29:L43) -> 0 | M44: =SUM(M29:M43) -> 0 | N44: =SUM(N29:N43) -> 0 | O44: =SUM(O29:O43) -> 0 | P44: =SUM(P29:P43) -> 0 | Q44: =SUM(K44:O44) -> 0
A46: TOTAL PERSONNEL | K46: =K44+K26 -> 0 | L46: =L44+L26 -> 0 | M46: =M44+M26 -> 0 | N46: =N44+N26 -> 0 | O46: =O44+O26 -> 0 | P46: =P44+P26 -> 0 | Q46: =SUM(K46:O46) -> 0
A48: CONSULTANT COSTS | B48: (A Letter of Support is required from each Consultant) | K48: YEAR 1 | L48: YEAR 2 | M48: YEAR 3 | N48: YEAR 4 | O48: YEAR 5 | P48: TOTAL
A49: Consultant 1 | P49: =SUM(K49:O49) -> 0
A50: Consultant 2 | P50: =SUM(K50:O50) -> 0
A51: TOTAL CONSULTANT COSTS | K51: =SUM(K49:K50) -> 0 | L51: =SUM(L49:L50) -> 0 | M51: =SUM(M49:M50) -> 0 | N51: =SUM(N49:N50) -> 0 | O51: =SUM(O49:O50) -> 0 | P51: =SUM(P49:P50) -> 0 | Q51: =SUM(K51:O51) -> 0
A53: ▲ EQUIPMENT | B53: (over $2,500) General use computers are not considered equipment) | K53: YEAR 1 | L53: YEAR 2 | M53: YEAR 3 | N53: YEAR 4 | O53: YEAR 5 | P53: TOTAL
A54: Item 1 | B54: please list details | P54: =SUM(K54:O54) -> 0
A55: Item 2 | B55: please list details | P55: =SUM(K55:O55) -> 0
A56: TOTAL EQUIPMENT COSTS | K56: =SUM(K54:K55) -> 0 | L56: =SUM(L54:L55) -> 0 | M56: =SUM(M54:M55) -> 0 | N56: =SUM(N54:N55) -> 0 | O56: =SUM(O54:O55) -> 0 | P56: =SUM(P54:P55) -> 0 | Q56: =SUM(K56:O56) -> 0
A58: TRAVEL COSTS | K58: YEAR 1 | L58: YEAR 2 | M58: YEAR 3 | N58: YEAR 4 | O58: YEAR 5 | P58: TOTAL
A59: Domestic Travel | L59: =ROUND(IF($B$6>=L$10,$K$59*$B$5^(L$10-1),0),0) -> 0 | M59: =ROUND(IF($B$6>=M$10,$K$59*$B$5^(M$10-1),0),0) -> 0 | N59: =ROUND(IF($B$6>=N$10,$K$59*$B$5^(N$10-1),0),0) -> 0 | O59: =ROUND(IF($B$6>=O$10,$K$59*$B$5^(O$10-1),0),0) -> 0 | P59: =SUM(K59:O59) -> 0
A60: International Travel | L60: =ROUND(IF($B$6>=L$10,$K$60*$B$5^(L$10-1),0),0) -> 0 | M60: =ROUND(IF($B$6>=M$10,$K$60*$B$5^(M$10-1),0),0) -> 0 | N60: =ROUND(IF($B$6>=N$10,$K$60*$B$5^(N$10-1),0),0) -> 0 | O60: =ROUND(IF($B$6>=O$10,$K$60*$B$5^(O$10-1),0),0) -> 0 | P60: =SUM(K60:O60) -> 0
A61: TOTAL TRAVEL COSTS | K61: =SUM(K59:K60) -> 0 | L61: =SUM(L59:L60) -> 0 | M61: =SUM(M59:M60) -> 0 | N61: =SUM(N59:N60) -> 0 | O61: =SUM(O59:O60) -> 0 | P61: =SUM(P59:P60) -> 0 | Q61: =SUM(K61:O61) -> 0
A63: OTHER DIRECT COSTS | K63: YEAR 1 | L63: YEAR 2 | M63: YEAR 3 | N63: YEAR 4 | O63: YEAR 5 | P63: TOTAL
A64: Materials and Supplies | L64: =ROUND(IF($B$6>=L$10,$K$64*$B$5^(L$10-1),0),0) -> 0 | M64: =ROUND(IF($B$6>=M$10,$K$64*$B$5^(M$10-1),0),0) -> 0 | N64: =ROUND(IF($B$6>=N$10,$K$64*$B$5^(N$10-1),0),0) -> 0 | O64: =ROUND(IF($B$6>=O$10,$K$64*$B$5^(O$10-1),0),0) -> 0 | P64: =SUM(K64:O64) -> 0
A65: Other 1: Please provide details | L65: =ROUND(IF($B$6>=L$10,$K$65*$B$5^(L$10-1),0),0) -> 0 | M65: =ROUND(IF($B$6>=M$10,$K$65*$B$5^(M$10-1),0),0) -> 0 | N65: =ROUND(IF($B$6>=N$10,$K$65*$B$5^(N$10-1),0),0) -> 0 | O65: =ROUND(IF($B$6>=O$10,$K$65*$B$5^(O$10-1),0),0) -> 0 | P65: =SUM(K65:O65) -> 0
A66: Other 2: Please provide details | L66: =ROUND(IF($B$6>=L$10,$K$66*$B$5^(L$10-1),0),0) -> 0 | M66: =ROUND(IF($B$6>=M$10,$K$66*$B$5^(M$10-1),0),0) -> 0 | N66: =ROUND(IF($B$6>=N$10,$K$66*$B$5^(N$10-1),0),0) -> 0 | O66: =ROUND(IF($B$6>=O$10,$K$66*$B$5^(O$10-1),0),0) -> 0 | P66: =SUM(K66:O66) -> 0
A67: ▲ DEPT GS Tuition (not standard IIT c/s) | C67: Rate | D67: =Budget!D82 -> 1925 | E67: Credits | K67: =ROUND(F67*D67,0) -> 0 | L67: =ROUND(IF($B$6>=L$10,G67*$D$67*$B$5^(L$10-1),0),0) -> 0 | M67: =ROUND(IF($B$6>=M$10,H67*$D$67*$B$5^(M$10-1),0),0) -> 0 | N67: =ROUND(IF($B$6>=N$10,I67*$D$67*$B$5^(N$10-1),0),0) -> 0 | O67: =ROUND(IF($B$6>=O$10,J67*$D$67*$B$5^(O$10-1),0),0) -> 0 | P67: =SUM(K67:O67) -> 0
A68: TOTAL OTHER DIRECT COSTS | K68: =SUM(K64:K67) -> 0 | L68: =SUM(L64:L67) -> 0 | M68: =SUM(M64:M67) -> 0 | N68: =SUM(N64:N67) -> 0 | O68: =SUM(O64:O67) -> 0 | P68: =SUM(P64:P67) -> 0 | Q68: =SUM(K68:O68) -> 0
A70: SUBCONTRACT(S) | B70: ( A Statement of Work, Detailed Budget, and Consortium Letter are required from each Subcontractor) | K70: YEAR 1 | L70: YEAR 2 | M70: YEAR 3 | N70: YEAR 4 | O70: YEAR 5 | P70: TOTAL
A71: Subcontractor 1 | P71: =SUM(K71:O71) -> 0
A72: Subcontractor 2 | P72: =SUM(K72:O72) -> 0
A73: Subcontractor 3 | P73: =SUM(K73:O73) -> 0
A74: TOTAL SUBCONTRACT COSTS | K74: =SUM(K71:K73) -> 0 | L74: =SUM(L71:L73) -> 0 | M74: =SUM(M71:M73) -> 0 | N74: =SUM(N71:N73) -> 0 | O74: =SUM(O71:O73) -> 0 | P74: =SUM(P71:P73) -> 0 | Q74: =SUM(K74:O74) -> 0
K76: YEAR 1 | L76: YEAR 2 | M76: YEAR 3 | N76: YEAR 4 | O76: YEAR 5 | P76: TOTAL
A78: TOTAL DIRECT COSTS | K78: =K46+K51+K56+K61+K68+K74 -> 0 | L78: =L46+L51+L56+L61+L68+L74 -> 0 | M78: =M46+M51+M56+M61+M68+M74 -> 0 | N78: =N46+N51+N56+N61+N68+N74 -> 0 | O78: =O46+O51+O56+O61+O68+O74 -> 0 | P78: =SUM(K78:O78) -> 0 | Q78: =P46+P51+P56+P61+P68+P74 -> 0
A80: INDIRECT COSTS (TYPE MTDC) | B80: =B4 -> 0.55 | K80: =ROUND(K84*$B$80,0) -> 0 | L80: =ROUND(L84*$B$80,0) -> 0 | M80: =ROUND(M84*$B$80,0) -> 0 | N80: =ROUND(N84*$B$80,0) -> 0 | O80: =ROUND(O84*$B$80,0) -> 0 | P80: =SUM(K80:O80) -> 0 | Q80: =ROUND(Q84*$B$80,0) -> 0
A82: COST SHARE | K82: =K78+K80 -> 0 | L82: =L78+L80 -> 0 | M82: =M78+M80 -> 0 | N82: =N78+N80 -> 0 | O82: =O78+O80 -> 0 | P82: =SUM(K82:O82) -> 0 | Q82: =Q78+Q80 -> 0
A84: IDC Base | K84: =K78-K56-K67-K74 -> 0 | L84: =L78-L56-L67-L74 -> 0 | M84: =M78-M56-M67-M74 -> 0 | N84: =N78-N56-N67-N74 -> 0 | O84: =O78-O56-O67-O74 -> 0 | P84: =SUM(K84:O84) -> 0 | Q84: =P78-P56-P67-P74 -> 0
A86: ▲ Indirect costs are not charged on Equipment, or Tuition for grants carrying full indirect costs

Sheet Re-Budget
A1: PI Name: | B1: =Budget!B1 -> 0 | G1: OSRP# | H1: =Budget!H1 -> 0
A2: Solicitation: | B2: =Budget!B2 -> 0
A4: IDC Rate (TYPE MTDC) | B4: =Budget!B4 -> 0.55 | D4: Enter Current FRINGE BENEFIT RATES
A5: Inflation Rate | B5: 1.04 | D5: Academic | F5: Staff
A6: Number of Budget Years | B6: =Budget!B6 -> 3 | D6: Summer | F6: Student
D8: Acad. Appt. (Months) | F8: Effort Re-budget
A9: SALARIES & WAGES | G9: Original TL Budget | H9: TL EXP to Date | I9: REV Budget | J9: TL BUDGET REV
A10: Name | B10: Role | C10: Fringe Type | E10: Base Salary | K10: Check Sum
A11: =Budget!A11 -> 0 | B11: PI | C11: Academic | G11: =Budget!P11 -> 0 | I11: =ROUND(IF(F11>0,F11*E11/D11,0),0) -> 0 | J11: =SUM(H11:I11) -> 0
A12: =Budget!A12 -> 0 | B12: =B11 -> PI | C12: Summer | D12: =D11 -> 0 | E12: =E11 -> 0 | G12: =Budget!P12 -> 0 | I12: =ROUND(IF(F12>0,F12*E12/D12,0),0) -> 0 | J12: =SUM(H12:I12) -> 0
A13: =Budget!A13 -> 0 | B13: Co-PI 1 | C13: Academic | G13: =Budget!P13 -> 0 | I13: =ROUND(IF(F13>0,F13*E13/D13,0),0) -> 0 | J13: =SUM(H13:I13) -> 0
A14: =Budget!A14 -> 0 | B14: =B13 -> Co-PI 1 | C14: Summer | D14: =D13 -> 0 | E14: =E13 -> 0 | G14: =Budget!P14 -> 0 | I14: =ROUND(IF(F14>0,F14*E14/D14,0),0) -> 0 | J14: =SUM(H14:I14) -> 0
A15: =Budget!A15 -> 0 | B15: Co-PI 2 | C15: Academic | G15: =Budget!P15 -> 0 | I15: =ROUND(IF(F15>0,F15*E15/D15,0),0) -> 0 | J15: =SUM(H15:I15) -> 0
A16: =Budget!A16 -> 0 | B16: =B15 -> Co-PI 2 | C16: Summer | D16: =D15 -> 0 | E16: =E15 -> 0 | G16: =Budget!P16 -> 0 | I16: =ROUND(IF(F16>0,F16*E16/D16,0),0) -> 0 | J16: =SUM(H16:I16) -> 0
A17: =Budget!A17 -> 0 | B17: Co-PI 3 | C17: Academic | G17: =Budget!P17 -> 0 | I17: =ROUND(IF(F17>0,F17*E17/D17,0),0) -> 0 | J17: =SUM(H17:I17) -> 0
A18: =Budget!A18 -> 0 | B18: =B17 -> Co-PI 3 | C18: Summer | D18: =D17 -> 0 | E18: =E17 -> 0 | G18: =Budget!P18 -> 0 | I18: =ROUND(IF(F18>0,F18*E18/D18,0),0) -> 0 | J18: =SUM(H18:I18) -> 0
A19: =Budget!A19 -> 0 | B19: Co-PI 4 | C19: Academic | G19: =Budget!P19 -> 0 | I19: =ROUND(IF(F19>0,F19*E19/D19,0),0) -> 0 | J19: =SUM(H19:I19) -> 0
A20: =Budget!A20 -> 0 | B20: =B19 -> Co-PI 4 | C20: Summer | D20: =D19 -> 0 | E20: =E19 -> 0 | G20: =Budget!P20 -> 0 | I20: =ROUND(IF(F20>0,F20*E20/D20,0),0) -> 0 | J20: =SUM(H20:I20) -> 0
A21: =Budget!A21 -> 0 | B21: Post-doc | C21: Academic | G21: =Budget!P21 -> 0 | I21: =ROUND(IF(F21>0,F21*E21/D21,0),0) -> 0 | J21: =SUM(H21:I21) -> 0
A22: =Budget!A22 -> 0 | B22: Grad Student | C22: Student | G22: =Budget!P22 -> 0 | I22: =ROUND(IF(F22>0,F22*E22/D22,0),0) -> 0 | J22: =SUM(H22:I22) -> 0
A23: =Budget!A23 -> 0 | B23: Grad Student | C23: Student | G23: =Budget!P23 -> 0 | I23: =ROUND(IF(F23>0,F23*E23/D23,0),0) -> 0 | J23: =SUM(H23:I23) -> 0
A24: =Budget!A24 -> 0 | B24: UG Student | C24: Student | G24: =Budget!P24 -> 0 | I24: =ROUND(IF(F24>0,F24*E24/D24,0),0) -> 0 | J24: =SUM(H24:I24) -> 0
A25: =Budget!A25 -> 0 | B25: TBD | C25: TBD | G25: =Budget!P25 -> 0 | I25: =ROUND(IF(F25>0,F25*E25/D25,0),0) -> 0 | J25: =SUM(H25:I25) -> 0
A26: TOTAL SALARIES & WAGES | G26: =Budget!P26 -> 0 | H26: =SUM(H11:H25) -> 0 | I26: =SUM(I11:I25) -> 0 | J26: =SUM(J11:J25) -> 0 | K26: =SUM(H26:I26) -> 0
A28: FRINGE BENEFITS | G28: Original | H28: Exp | I28: Re-Bud | J28: TL REV
A29: =A11 -> 0 | B29: =B11 -> PI | C29: =C11 -> Academic | G29: =Budget!P29 -> 0 | I29: =ROUND(IF($C$29="Academic",I11*$E$5,IF($C$29="Summer",I11*$E$6,IF($C$29="Staff",I11*$G$5,IF($C$29="Student",I11*$G$6,0)))),0) -> 0 | J29: =SUM(H29:I29) -> 0
A30: =A12 -> 0 | B30: =B12 -> PI | C30: =C12 -> Summer | G30: =Budget!P30 -> 0 | I30: =ROUND(IF($C$30="Academic",I12*$E$5,IF($C$30="Summer",I12*$E$6,IF($C$30="Staff",I12*$G$5,IF($C$30="Student",I12*$G$6,0)))),0) -> 0 | J30: =SUM(H30:I30) -> 0
A31: =A13 -> 0 | B31: =B13 -> Co-PI 1 | C31: =C13 -> Academic | G31: =Budget!P31 -> 0 | I31: =ROUND(IF($C$31="Academic",I13*$E$5,IF($C$31="Summer",I13*$E$6,IF($C$31="Staff",I13*$G$5,IF($C$31="Student",I13*$G$6,0)))),0) -> 0 | J31: =SUM(H31:I31) -> 0
A32: =A14 -> 0 | B32: =B14 -> Co-PI 1 | C32: =C14 -> Summer | G32: =Budget!P32 -> 0 | I32: =ROUND(IF($C$32="Academic",I14*$E$5,IF($C$32="Summer",I14*$E$6,IF($C$32="Staff",I14*$G$5,IF($C$32="Student",I14*$G$6,0)))),0) -> 0 | J32: =SUM(H32:I32) -> 0
A33: =A15 -> 0 | B33: =B15 -> Co-PI 2 | C33: =C15 -> Academic | G33: =Budget!P33 -> 0 | I33: =ROUND(IF($C$33="Academic",I15*$E$5,IF($C$33="Summer",I15*$E$6,IF($C$33="Staff",I15*$G$5,IF($C$33="Student",I15*$G$6,0)))),0) -> 0 | J33: =SUM(H33:I33) -> 0
A34: =A16 -> 0 | B34: =B16 -> Co-PI 2 | C34: =C16 -> Summer | G34: =Budget!P34 -> 0 | I34: =ROUND(IF($C$34="Academic",I16*$E$5,IF($C$34="Summer",I16*$E$6,IF($C$34="Staff",I16*$G$5,IF($C$34="Student",I16*$G$6,0)))),0) -> 0 | J34: =SUM(H34:I34) -> 0
A35: =A17 -> 0 | B35: =B17 -> Co-PI 3 | C35: =C17 -> Academic | G35: =Budget!P35 -> 0 | I35: =ROUND(IF($C$35="Academic",I17*$E$5,IF($C$35="Summer",I17*$E$6,IF($C$35="Staff",I17*$G$5,IF($C$35="Student",I17*$G$6,0)))),0) -> 0 | J35: =SUM(H35:I35) -> 0
A36: =A18 -> 0 | B36: =B18 -> Co-PI 3 | C36: =C18 -> Summer | G36: =Budget!P36 -> 0 | I36: =ROUND(IF($C$36="Academic",I18*$E$5,IF($C$36="Summer",I18*$E$6,IF($C$36="Staff",I18*$G$5,IF($C$36="Student",I18*$G$6,0)))),0) -> 0 | J36: =SUM(H36:I36) -> 0
A37: =A19 -> 0 | B37: =B19 -> Co-PI 4 | C37: =C19 -> Academic | G37: =Budget!P37 -> 0 | I37: =ROUND(IF($C$37="Academic",I19*$E$5,IF($C$37="Summer",I19*$E$6,IF($C$37="Staff",I19*$G$5,IF($C$37="Student",I19*$G$6,0)))),0) -> 0 | J37: =SUM(H37:I37) -> 0
A38: =A20 -> 0 | B38: =B20 -> Co-PI 4 | C38: =C20 -> Summer | G38: =Budget!P38 -> 0 | I38: =ROUND(IF($C$38="Academic",I20*$E$5,IF($C$38="Summer",I20*$E$6,IF($C$38="Staff",I20*$G$5,IF($C$38="Student",I20*$G$6,0)))),0) -> 0 | J38: =SUM(H38:I38) -> 0
A39: =A21 -> 0 | B39: =B21 -> Post-doc | C39: =C21 -> Academic | G39: =Budget!P39 -> 0 | I39: =ROUND(IF($C$39="Academic",I21*$E$5,IF($C$39="Summer",I21*$E$6,IF($C$39="Staff",I21*$G$5,IF($C$39="Student",I21*$G$6,0)))),0) -> 0 | J39: =SUM(H39:I39) -> 0
A40: =A22 -> 0 | B40: =B22 -> Grad Student | C40: =C22 -> Student | G40: =Budget!P40 -> 0 | I40: =ROUND(IF($C$40="Academic",I22*$E$5,IF($C$40="Summer",I22*$E$6,IF($C$40="Staff",I22*$G$5,IF($C$40="Student",I22*$G$6,0)))),0) -> 0 | J40: =SUM(H40:I40) -> 0
A41: =A23 -> 0 | B41: =B23 -> Grad Student | C41: =C23 -> Student | G41: =Budget!P41 -> 0 | I41: =ROUND(IF($C$41="Academic",I23*$E$5,IF($C$41="Summer",I23*$E$6,IF($C$41="Staff",I23*$G$5,IF($C$41="Student",I23*$G$6,0)))),0) -> 0 | J41: =SUM(H41:I41) -> 0
A42: =A24 -> 0 | B42: =B24 -> UG Student | C42: =C24 -> Student | G42: =Budget!P42 -> 0 | I42: =ROUND(IF($C$42="Academic",I24*$E$5,IF($C$42="Summer",I24*$E$6,IF($C$42="Staff",I24*$G$5,IF($C$42="Student",I24*$G$6,0)))),0) -> 0 | J42: =SUM(H42:I42) -> 0
A43: =A25 -> 0 | B43: =B25 -> TBD | C43: =C25 -> TBD | G43: =Budget!P43 -> 0 | I43: =ROUND(IF($C$43="Academic",I25*$E$5,IF($C$43="Summer",I25*$E$6,IF($C$43="Staff",I25*$G$5,IF($C$43="Student",I25*$G$6,0)))),0) -> 0 | J43: =SUM(H43:I43) -> 0
A44: TOTAL FRINGE BENEFITS | G44: =Budget!P44 -> 0 | H44: =SUM(H29:H43) -> 0 | I44: =SUM(I29:I43) -> 0 | J44: =SUM(J29:J43) -> 0 | K44: =SUM(H44:I44) -> 0
A46: TOTAL PERSONNEL | G46: =Budget!P46 -> 0 | H46: =H44+H26 -> 0 | I46: =I44+I26 -> 0 | J46: =J44+J26 -> 0 | K46: =SUM(H46:I46) -> 0
A48: CONSULTANT COSTS | B48: (A Letter of Support (include the rate/charge for consulting services) is required from each Consultant) | G48: =G28 -> Original | H48: =H28 -> Exp | I48: =I28 -> Re-Bud | J48: =J28 -> TL REV
A49: Consultant 1 | G49: =Budget!P49 -> 0 | J49: =SUM(H49:I49) -> 0
A50: Consultant 2 | G50: =Budget!P50 -> 0 | J50: =SUM(H50:I50) -> 0
A51: TOTAL CONSULTANT COSTS | G51: =Budget!P51 -> 0 | H51: =SUM(H49:H50) -> 0 | I51: =SUM(I49:I50) -> 0 | J51: =SUM(J49:J50) -> 0 | K51: =SUM(H51:I51) -> 0
A53: ▲ EQUIPMENT/CAP SOFTWARE | B53: (>= $2,500 for each item; >=25K Capital Software) General use computers are not considered equipment) | G53: =G48 -> Original | H53: =H48 -> Exp | I53: =I48 -> Re-Bud | J53: =J48 -> TL REV
A54: Item 1 | B54: please list details | G54: =Budget!P54 -> 0 | J54: =SUM(H54:I54) -> 0
A55: Item 2 | B55: please list details | G55: =Budget!P55 -> 0 | J55: =SUM(H55:I55) -> 0
A56: TOTAL EQUIPMENT COSTS | G56: =Budget!P56 -> 0 | H56: =SUM(H54:H55) -> 0 | I56: =SUM(I54:I55) -> 0 | J56: =SUM(J54:J55) -> 0 | K56: =SUM(H56:I56) -> 0
A58: TRAVEL COSTS (IIT Policy / Federal Regulations: http://www.iit.edu/grant_contract_accounting/sponsored_project_travel.shtml) | G58: =G53 -> Original | H58: =H53 -> Exp | I58: =I53 -> Re-Bud | J58: =J53 -> TL REV
A59: Domestic Travel | G59: =Budget!P59 -> 0 | J59: =SUM(H59:I59) -> 0
A60: International Travel | B60: For grants using federal funds, a US carrier must be used. | G60: =Budget!P60 -> 0 | J60: =SUM(H60:I60) -> 0
A61: TOTAL TRAVEL COSTS | G61: =Budget!P61 -> 0 | H61: =SUM(H59:H60) -> 0 | I61: =SUM(I59:I60) -> 0 | J61: =SUM(J59:J60) -> 0 | K61: =SUM(H61:I61) -> 0
A64: ▲ PARTICIPANT COSTS | B64: (NOTE: This Category is NOT for Student Support) | G64: =G58 -> Original | H64: =H58 -> Exp | I64: =I58 -> Re-Bud | J64: =J58 -> TL REV
A65: Tuition | G65: =Budget!P65 -> 0 | J65: =SUM(H65:I65) -> 0
A66: Stipends | G66: =Budget!P66 -> 0 | J66: =SUM(H66:I66) -> 0
A67: Travel | G67: =Budget!P67 -> 0 | J67: =SUM(H67:I67) -> 0
A68: Subsistence | G68: =Budget!P68 -> 0 | J68: =SUM(H68:I68) -> 0
A69: Other | G69: =Budget!P69 -> 0 | J69: =SUM(H69:I69) -> 0
A70: TOTAL PARTICIPANT COSTS | G70: =Budget!P70 -> 0 | H70: =SUM(H65:H69) -> 0 | I70: =SUM(I65:I69) -> 0 | J70: =SUM(J65:J69) -> 0 | K70: =SUM(H70:I70) -> 0
A71: Number of Participants
A73: OTHER DIRECT COSTS | G73: =G64 -> Original | H73: =H64 -> Exp | I73: =I64 -> Re-Bud | J73: =J64 -> TL REV
A74: Materials & Supplies | B74: (includes software < $25K) | G74: =Budget!P74 -> 0 | J74: =SUM(H74:I74) -> 0
A75: Publication Costs | G75: =Budget!P75 -> 0 | J75: =SUM(H75:I75) -> 0
A76: Human Subjects | G76: =Budget!P76 -> 0 | J76: =SUM(H76:I76) -> 0
A77: Animal Subjects | G77: =Budget!P77 -> 0 | J77: =SUM(H77:I77) -> 0
A78: ADP / Computer Services | G78: =Budget!P78 -> 0 | J78: =SUM(H78:I78) -> 0
A79: User Fees | G79: =Budget!P79 -> 0 | J79: =SUM(H79:I79) -> 0
A80: Alterations and Renovations or Equipment or Facility Rental | G80: =Budget!P80 -> 0 | J80: =SUM(H80:I80) -> 0
A81: Other (please list details below) | G81: =Budget!P81 -> 0 | J81: =SUM(H81:I81) -> 0
A82: ▲ Graduate Student Tuition* | C82: Rate | D82: 1313 | E82: Credits | G82: =Budget!P82 -> 0 | I82: =ROUND(F82*D82,0) -> 0 | J82: =SUM(H82:I82) -> 0
A83: TOTAL OTHER DIRECT COSTS | G83: =Budget!P83 -> 0 | H83: =SUM(H74:H82) -> 0 | I83: =SUM(I74:I82) -> 0 | J83: =SUM(J74:J82) -> 0 | K83: =SUM(H83:I83) -> 0
A85: ▼ SUBCONTRACT(S) | B85: ( A Statement of Work, Detailed Budget, and Consortium Letter are required from each Subcontractor) | G85: =G73 -> Original | H85: =H73 -> Exp | I85: =I73 -> Re-Bud | J85: =J73 -> TL REV
A86: Subcontractor 1 | G86: =Budget!P86 -> 0 | J86: =SUM(H86:I86) -> 0
A87: Subcontractor 2 | G87: =Budget!P87 -> 0 | J87: =SUM(H87:I87) -> 0
A88: Subcontractor 3 | G88: =Budget!P88 -> 0 | J88: =SUM(H88:I88) -> 0
A89: TOTAL SUBCONTRACT COSTS | G89: =Budget!P89 -> 0 | H89: =SUM(H86:H88) -> 0 | I89: =SUM(I86:I88) -> 0 | J89: =SUM(J86:J88) -> 0 | K89: =SUM(H89:I89) -> 0
A91: SUBCONTRACT IDC | B91: (Charged on the first $25,000 of each subcontract) | G91: =G85 -> Original | H91: =H85 -> Exp | I91: =I85 -> Re-Bud | J91: =J85 -> TL REV
A92: =A86 -> Subcontractor 1 | B92: Check to see if IDC was taken already; if not include | G92: =Budget!P92 -> 0 | J92: =SUM(H92:I92) -> 0
A93: =A87 -> Subcontractor 2 | B93: Check to see if IDC was taken already; if not include | G93: =Budget!P93 -> 0 | J93: =SUM(H93:I93) -> 0
A94: =A88 -> Subcontractor 3 | B94: Check to see if IDC was taken already; if not include | G94: =Budget!P94 -> 0 | J94: =SUM(H94:I94) -> 0
A95: TOTAL SUBCONTRACT IDC | G95: =Budget!P95 -> 0 | H95: =SUM(H92:H94) -> 0 | I95: =SUM(I92:I94) -> 0 | J95: =SUM(J92:J94) -> 0 | K95: =SUM(H95:I95) -> 0
G97: =G91 -> Original | H97: =H91 -> Exp | I97: =I91 -> Re-Bud | J97: =J91 -> TL REV
A99: TOTAL DIRECT COSTS | G99: =Budget!P99 -> 0 | H99: =H46+H51+H56+H70+H83+H89+H61 -> 0 | I99: =I46+I51+I56+I70+I83+I89+I61 -> 0 | J99: =SUM(H99:I99) -> 0 | K99: =J46+J51+J56+J70+J83+J89+J61 -> 0
A101: INDIRECT COSTS (TYPE MTDC) | B101: =B4 -> 0.55 | G101: =Budget!P101 -> 0 | H101: =ROUND(H105*$B$101,0) -> 0 | I101: =ROUND(I105*$B$101,0) -> 0 | J101: =SUM(H101:I101) -> 0 | K101: =ROUND(J105*$B$101,0) -> 0
A103: TOTAL REQUEST FROM FUNDING AGENCY | G103: =Budget!P103 -> 0 | H103: =H99+H101 -> 0 | I103: =I99+I101 -> 0 | J103: =SUM(H103:I103) -> 0 | K103: =J99+J101 -> 0
A105: IDC Base | G105: =Budget!P105 -> 0 | H105: =H99-H56-H70-H80-H82-H89+H95 -> 0 | I105: =I99-I56-I70-I80-I82-I89+I95 -> 0 | J105: =SUM(H105:I105) -> 0 | K105: =J99-J56-J70-J80-J82-J89+J95 -> 0
A107: COST SHARE (ALL COST SHARE INCLUDING IIT TUITION COST SHARE IS SUBJECT TO APPROVAL OF THE APPROPRIATE DEAN)
A108: IIT (Tuition Match)* | C108: Rate | D108: =D82 -> 1313 | E108: Credits | G108: =Budget!P112 -> 0 | I108: =ROUND(F108*D108,0) -> 0 | J108: =SUM(H108:I108) -> 0
A109: Other Cost Share** | G109: =Budget!P113 -> 0 | H109: ='Re-Budget CS'!H82 -> 0 | I109: ='Re-Budget CS'!I82 -> 0 | J109: =SUM(H109:I109) -> 0
A110: TOTAL COST SHARE | G110: =Budget!P114 -> 0 | H110: =SUM(H108:H109) -> 0 | I110: =SUM(I108:I109) -> 0 | J110: =SUM(H110:I110) -> 0 | K110: =J108+J109 -> 0
A112: TOTAL PROJECT BUDGET (including cost share) | G112: =G103+G110 -> 0 | H112: =H103+H110 -> 0 | I112: =I103+I110 -> 0 | J112: =SUM(H112:I112) -> 0 | K112: =J103+J110 -> 0
I113: Cost Share % | J113: =J110/J112 -> #DIV/0!
A114: * IIT Tuition Match (not included in Total Request from Funding Agency above)
A115: IIT will cost share 1/2 tuition costs on all graduate students where the project is charged the full on-site indirect costs rate (53% federal, 60% non-federal) AND where each graduate student is paid a minimum stipend of $21,600 / year ($1,800 / month) in FY 2016
A116: IIT will cost share 1/4 tuition costs on the second and subsequent graduate students where the project is charged less than the full on-site indirect costs rate AND where the graduate student are paid the minimum stipend above.
A118: ** For other cost share, a detailed budget and a statement of where the cost share is coming from is required. If from an IIT account, an account number must be provided (use Cost Share Tab)
A120: ▲ Indirect costs are not charged on Equipment, Participant Support, User Fees or Tuition for grants carrying full indirect costs
A121: ▼ For subcontracts, indirect costs are charged on the first $25,000 of EACH subcontract.
...

Sheet Re-Budget CS
A1: PI Name: | B1: =Budget!B1 -> 0 | G1: OSRP # | H1: =Budget!H1 -> 0
A2: Solicitation: | B2: =Budget!B2 -> 0
A4: IDC Rate (TYPE MTDC) | B4: ='Cost Share'!B4 -> 0.55 | D4: FRINGE BENEFIT RATES
A5: Inflation Rate | B5: =Budget!B5 -> 1.04 | D5: Academic | E5: ='Re-Budget'!E5 -> 0 | F5: Staff | G5: ='Re-Budget'!G5 -> 0
A6: Number of Budget Years | B6: =Budget!B6 -> 3 | D6: Summer | E6: ='Re-Budget'!E6 -> 0 | F6: Student | G6: ='Re-Budget'!G6 -> 0
A7: COST SHARE ACCOUNT NUMBER
D8: Acad. Appt. Months | F8: Effort Re-budget | G8: Original TL Budget | H8: TL EXP to Date | I8: REV Budget | J8: TL BUDGET REV
A9: SALARIES & WAGES
A10: Name | B10: Role | C10: Fringe Type | E10: Base Salary | K10: Check Sum
A11: ='Re-Budget'!A11 -> 0 | B11: ='Re-Budget'!B11 -> PI | C11: ='Re-Budget'!C11 -> Academic | D11: ='Re-Budget'!D11 -> 0 | E11: ='Re-Budget'!E11 -> 0 | G11: ='Cost Share'!P11 -> 0 | H11: =G11-I11 -> 0 | I11: =ROUND(IF(F11>0,F11*E11/D11,0),0) -> 0 | J11: =SUM(H11:I11) -> 0
A12: ='Re-Budget'!A12 -> 0 | B12: ='Re-Budget'!B12 -> PI | C12: ='Re-Budget'!C12 -> Summer | D12: ='Re-Budget'!D12 -> 0 | E12: ='Re-Budget'!E12 -> 0 | G12: ='Cost Share'!P12 -> 0 | H12: =G12-I12 -> 0 | I12: =ROUND(IF(F12>0,F12*E12/D12,0),0) -> 0 | J12: =SUM(H12:I12) -> 0
A13: ='Re-Budget'!A13 -> 0 | B13: ='Re-Budget'!B13 -> Co-PI 1 | C13: ='Re-Budget'!C13 -> Academic | D13: ='Re-Budget'!D13 -> 0 | E13: ='Re-Budget'!E13 -> 0 | G13: ='Cost Share'!P13 -> 0 | H13: =G13-I13 -> 0 | I13: =ROUND(IF(F13>0,F13*E13/D13,0),0) -> 0 | J13: =SUM(H13:I13) -> 0
A14: ='Re-Budget'!A14 -> 0 | B14: ='Re-Budget'!B14 -> Co-PI 1 | C14: ='Re-Budget'!C14 -> Summer | D14: ='Re-Budget'!D14 -> 0 | E14: ='Re-Budget'!E14 -> 0 | G14: ='Cost Share'!P14 -> 0 | H14: =G14-I14 -> 0 | I14: =ROUND(IF(F14>0,F14*E14/D14,0),0) -> 0 | J14: =SUM(H14:I14) -> 0
A15: ='Re-Budget'!A15 -> 0 | B15: ='Re-Budget'!B15 -> Co-PI 2 | C15: ='Re-Budget'!C15 -> Academic | D15: ='Re-Budget'!D15 -> 0 | E15: ='Re-Budget'!E15 -> 0 | G15: ='Cost Share'!P15 -> 0 | H15: =G15-I15 -> 0 | I15: =ROUND(IF(F15>0,F15*E15/D15,0),0) -> 0 | J15: =SUM(H15:I15) -> 0
A16: ='Re-Budget'!A16 -> 0 | B16: ='Re-Budget'!B16 -> Co-PI 2 | C16: ='Re-Budget'!C16 -> Summer | D16: ='Re-Budget'!D16 -> 0 | E16: ='Re-Budget'!E16 -> 0 | G16: ='Cost Share'!P16 -> 0 | H16: =G16-I16 -> 0 | I16: =ROUND(IF(F16>0,F16*E16/D16,0),0) -> 0 | J16: =SUM(H16:I16) -> 0
A17: ='Re-Budget'!A17 -> 0 | B17: ='Re-Budget'!B17 -> Co-PI 3 | C17: ='Re-Budget'!C17 -> Academic | D17: ='Re-Budget'!D17 -> 0 | E17: ='Re-Budget'!E17 -> 0 | G17: ='Cost Share'!P17 -> 0 | H17: =G17-I17 -> 0 | I17: =ROUND(IF(F17>0,F17*E17/D17,0),0) -> 0 | J17: =SUM(H17:I17) -> 0
A18: ='Re-Budget'!A18 -> 0 | B18: ='Re-Budget'!B18 -> Co-PI 3 | C18: ='Re-Budget'!C18 -> Summer | D18: ='Re-Budget'!D18 -> 0 | E18: ='Re-Budget'!E18 -> 0 | G18: ='Cost Share'!P18 -> 0 | H18: =G18-I18 -> 0 | I18: =ROUND(IF(F18>0,F18*E18/D18,0),0) -> 0 | J18: =SUM(H18:I18) -> 0
A19: ='Re-Budget'!A19 -> 0 | B19: ='Re-Budget'!B19 -> Co-PI 4 | C19: ='Re-Budget'!C19 -> Academic | D19: ='Re-Budget'!D19 -> 0 | E19: ='Re-Budget'!E19 -> 0 | G19: ='Cost Share'!P19 -> 0 | H19: =G19-I19 -> 0 | I19: =ROUND(IF(F19>0,F19*E19/D19,0),0) -> 0 | J19: =SUM(H19:I19) -> 0
A20: ='Re-Budget'!A20 -> 0 | B20: ='Re-Budget'!B20 -> Co-PI 4 | C20: ='Re-Budget'!C20 -> Summer | D20: ='Re-Budget'!D20 -> 0 | E20: ='Re-Budget'!E20 -> 0 | G20: ='Cost Share'!P20 -> 0 | H20: =G20-I20 -> 0 | I20: =ROUND(IF(F20>0,F20*E20/D20,0),0) -> 0 | J20: =SUM(H20:I20) -> 0
A21: ='Re-Budget'!A21 -> 0 | B21: ='Re-Budget'!B21 -> Post-doc | C21: ='Re-Budget'!C21 -> Academic | D21: ='Re-Budget'!D21 -> 0 | E21: ='Re-Budget'!E21 -> 0 | G21: ='Cost Share'!P21 -> 0 | H21: =G21-I21 -> 0 | I21: =ROUND(IF(F21>0,F21*E21/D21,0),0) -> 0 | J21: =SUM(H21:I21) -> 0
A22: ='Re-Budget'!A22 -> 0 | B22: ='Re-Budget'!B22 -> Grad Student | C22: ='Re-Budget'!C22 -> Student | D22: ='Re-Budget'!D22 -> 0 | E22: ='Re-Budget'!E22 -> 0 | G22: ='Cost Share'!P22 -> 0 | H22: =G22-I22 -> 0 | I22: =ROUND(IF(F22>0,F22*E22/D22,0),0) -> 0 | J22: =SUM(H22:I22) -> 0
... A25: ='Re-Budget'!A25 -> 0 | B25: ='Re-Budget'!B25 -> TBD | C25: ='Re-Budget'!C25 -> TBD | D25: ='Re-Budget'!D25 -> 0 | E25: ='Re-Budget'!E25 -> 0 | G25: ='Cost Share'!P25 -> 0 | H25: =G25-I25 -> 0 | I25: =ROUND(IF(F25>0,F25*E25/D25,0),0) -> 0 | J25: =SUM(H25:I25) -> 0
A26: TOTAL SALARIES & WAGES | G26: ='Cost Share'!P26 -> 0 | H26: =SUM(H11:H25) -> 0 | I26: =SUM(I11:I25) -> 0 | J26: =SUM(J11:J25) -> 0 | K26: =SUM(H26:I26) -> 0
A28: FRINGE BENEFITS | G28: Original | H28: Exp | I28: Re-Bud | J28: TL REV
A29: =A11 -> 0 | B29: =B11 -> PI | C29: =C11 -> Academic | G29: ='Cost Share'!P29 -> 0 | H29: =G29-I29 -> 0 | I29: =ROUND(IF($C$29="Academic",I11*$E$5,IF($C$29="Summer",I11*$E$6,IF($C$29="Staff",I11*$G$5,IF($C$29="Student",I11*$G$6,0)))),0) -> 0 | J29: =SUM(H29:I29) -> 0
A30: =A12 -> 0 | B30: =B12 -> PI | C30: =C12 -> Summer | G30: ='Cost Share'!P30 -> 0 | H30: =G30-I30 -> 0 | I30: =ROUND(IF($C$30="Academic",I12*$E$5,IF($C$30="Summer",I12*$E$6,IF($C$30="Staff",I12*$G$5,IF($C$30="Student",I12*$G$6,0)))),0) -> 0 | J30: =SUM(H30:I30) -> 0
A31: =A13 -> 0 | B31: =B13 -> Co-PI 1 | C31: =C13 -> Academic | G31: ='Cost Share'!P31 -> 0 | H31: =G31-I31 -> 0 | I31: =ROUND(IF($C$31="Academic",I13*$E$5,IF($C$31="Summer",I13*$E$6,IF($C$31="Staff",I13*$G$5,IF($C$31="Student",I13*$G$6,0)))),0) -> 0 | J31: =SUM(H31:I31) -> 0
A32: =A14 -> 0 | B32: =B14 -> Co-PI 1 | C32: =C14 -> Summer | G32: ='Cost Share'!P32 -> 0 | H32: =G32-I32 -> 0 | I32: =ROUND(IF($C$32="Academic",I14*$E$5,IF($C$32="Summer",I14*$E$6,IF($C$32="Staff",I14*$G$5,IF($C$32="Student",I14*$G$6,0)))),0) -> 0 | J32: =SUM(H32:I32) -> 0
A33: =A15 -> 0 | B33: =B15 -> Co-PI 2 | C33: =C15 -> Academic | G33: ='Cost Share'!P33 -> 0 | H33: =G33-I33 -> 0 | I33: =ROUND(IF($C$33="Academic",I15*$E$5,IF($C$33="Summer",I15*$E$6,IF($C$33="Staff",I15*$G$5,IF($C$33="Student",I15*$G$6,0)))),0) -> 0 | J33: =SUM(H33:I33) -> 0
A34: =A16 -> 0 | B34: =B16 -> Co-PI 2 | C34: =C16 -> Summer | G34: ='Cost Share'!P34 -> 0 | H34: =G34-I34 -> 0 | I34: =ROUND(IF($C$34="Academic",I16*$E$5,IF($C$34="Summer",I16*$E$6,IF($C$34="Staff",I16*$G$5,IF($C$34="Student",I16*$G$6,0)))),0) -> 0 | J34: =SUM(H34:I34) -> 0
A35: =A17 -> 0 | B35: =B17 -> Co-PI 3 | C35: =C17 -> Academic | G35: ='Cost Share'!P35 -> 0 | H35: =G35-I35 -> 0 | I35: =ROUND(IF($C$35="Academic",I17*$E$5,IF($C$35="Summer",I17*$E$6,IF($C$35="Staff",I17*$G$5,IF($C$35="Student",I17*$G$6,0)))),0) -> 0 | J35: =SUM(H35:I35) -> 0
A36: =A18 -> 0 | B36: =B18 -> Co-PI 3 | C36: =C18 -> Summer | G36: ='Cost Share'!P36 -> 0 | H36: =G36-I36 -> 0 | I36: =ROUND(IF($C$36="Academic",I18*$E$5,IF($C$36="Summer",I18*$E$6,IF($C$36="Staff",I18*$G$5,IF($C$36="Student",I18*$G$6,0)))),0) -> 0 | J36: =SUM(H36:I36) -> 0
A37: =A19 -> 0 | B37: =B19 -> Co-PI 4 | C37: =C19 -> Academic | G37: ='Cost Share'!P37 -> 0 | H37: =G37-I37 -> 0 | I37: =ROUND(IF($C$37="Academic",I19*$E$5,IF($C$37="Summer",I19*$E$6,IF($C$37="Staff",I19*$G$5,IF($C$37="Student",I19*$G$6,0)))),0) -> 0 | J37: =SUM(H37:I37) -> 0
A38: =A20 -> 0 | B38: =B20 -> Co-PI 4 | C38: =C20 -> Summer | G38: ='Cost Share'!P38 -> 0 | H38: =G38-I38 -> 0 | I38: =ROUND(IF($C$38="Academic",I20*$E$5,IF($C$38="Summer",I20*$E$6,IF($C$38="Staff",I20*$G$5,IF($C$38="Student",I20*$G$6,0)))),0) -> 0 | J38: =SUM(H38:I38) -> 0
A39: =A21 -> 0 | B39: =B21 -> Post-doc | C39: =C21 -> Academic | G39: ='Cost Share'!P39 -> 0 | H39: =G39-I39 -> 0 | I39: =ROUND(IF($C$39="Academic",I21*$E$5,IF($C$39="Summer",I21*$E$6,IF($C$39="Staff",I21*$G$5,IF($C$39="Student",I21*$G$6,0)))),0) -> 0 | J39: =SUM(H39:I39) -> 0
A40: =A22 -> 0 | B40: =B22 -> Grad Student | C40: =C22 -> Student | G40: ='Cost Share'!P40 -> 0 | H40: =G40-I40 -> 0 | I40: =ROUND(IF($C$40="Academic",I22*$E$5,IF($C$40="Summer",I22*$E$6,IF($C$40="Staff",I22*$G$5,IF($C$40="Student",I22*$G$6,0)))),0) -> 0 | J40: =SUM(H40:I40) -> 0
A41: =A23 -> 0 | B41: =B23 -> Grad Student | C41: =C23 -> Student | G41: ='Cost Share'!P41 -> 0 | H41: =G41-I41 -> 0 | I41: =ROUND(IF($C$41="Academic",I23*$E$5,IF($C$41="Summer",I23*$E$6,IF($C$41="Staff",I23*$G$5,IF($C$41="Student",I23*$G$6,0)))),0) -> 0 | J41: =SUM(H41:I41) -> 0
A42: =A24 -> 0 | B42: =B24 -> UG Student | C42: =C24 -> Student | G42: ='Cost Share'!P42 -> 0 | H42: =G42-I42 -> 0 | I42: =ROUND(IF($C$42="Academic",I24*$E$5,IF($C$42="Summer",I24*$E$6,IF($C$42="Staff",I24*$G$5,IF($C$42="Student",I24*$G$6,0)))),0) -> 0 | J42: =SUM(H42:I42) -> 0
A43: =A25 -> 0 | B43: =B25 -> TBD | C43: =C25 -> TBD | G43: ='Cost Share'!P43 -> 0 | H43: =G43-I43 -> 0 | I43: =ROUND(IF($C$43="Academic",I25*$E$5,IF($C$43="Summer",I25*$E$6,IF($C$43="Staff",I25*$G$5,IF($C$43="Student",I25*$G$6,0)))),0) -> 0 | J43: =SUM(H43:I43) -> 0
A44: TOTAL FRINGE BENEFITS | G44: ='Cost Share'!P44 -> 0 | H44: =SUM(H29:H43) -> 0 | I44: =SUM(I29:I43) -> 0 | J44: =SUM(J29:J43) -> 0 | K44: =SUM(H44:I44) -> 0
A46: TOTAL PERSONNEL | G46: ='Cost Share'!P46 -> 0 | H46: =H44+H26 -> 0 | I46: =I44+I26 -> 0 | J46: =J44+J26 -> 0 | K46: =SUM(H46:I46) -> 0
A48: CONSULTANT COSTS | B48: (A Letter of Support is required from each Consultant) | G48: =G28 -> Original | H48: =H28 -> Exp | I48: =I28 -> Re-Bud | J48: =J28 -> TL REV
A49: Consultant 1 | G49: ='Cost Share'!P49 -> 0 | J49: =SUM(H49:I49) -> 0
A50: Consultant 2 | G50: ='Cost Share'!P50 -> 0 | J50: =SUM(H50:I50) -> 0
A51: TOTAL CONSULTANT COSTS | G51: ='Cost Share'!P51 -> 0 | H51: =SUM(H49:H50) -> 0 | I51: =SUM(I49:I50) -> 0 | J51: =SUM(J49:J50) -> 0 | K51: =SUM(H51:I51) -> 0
A53: ▲ EQUIPMENT | B53: (over $2,500) General use computers are not considered equipment) | G53: =G48 -> Original | H53: =H48 -> Exp | I53: =I48 -> Re-Bud | J53: =J48 -> TL REV
A54: Item 1 | B54: please list details | G54: ='Cost Share'!P54 -> 0 | J54: =SUM(H54:I54) -> 0
A55: Item 2 | B55: please list details | G55: ='Cost Share'!P55 -> 0 | J55: =SUM(H55:I55) -> 0
A56: TOTAL EQUIPMENT COSTS | G56: ='Cost Share'!P56 -> 0 | H56: =SUM(H54:H55) -> 0 | I56: =SUM(I54:I55) -> 0 | J56: =SUM(J54:J55) -> 0 | K56: =SUM(H56:I56) -> 0
A58: TRAVEL COSTS | G58: =G53 -> Original | H58: =H53 -> Exp | I58: =I53 -> Re-Bud | J58: =J53 -> TL REV
A59: Domestic Travel | G59: ='Cost Share'!P59 -> 0 | J59: =SUM(H59:I59) -> 0
A60: International Travel | G60: ='Cost Share'!P60 -> 0 | J60: =SUM(H60:I60) -> 0
A61: TOTAL TRAVEL COSTS | G61: ='Cost Share'!P61 -> 0 | H61: =SUM(H59:H60) -> 0 | I61: =SUM(I59:I60) -> 0 | J61: =SUM(J59:J60) -> 0 | K61: =SUM(H61:I61) -> 0
A63: OTHER DIRECT COSTS | G63: =G58 -> Original | H63: =H58 -> Exp | I63: =I58 -> Re-Bud | J63: =J58 -> TL REV
A64: Materials and Supplies | G64: ='Cost Share'!P64 -> 0 | J64: =SUM(H64:I64) -> 0
A65: Other 1: Please provide details | G65: ='Cost Share'!P65 -> 0 | J65: =SUM(H65:I65) -> 0
A66: Other 2: Please provide details | G66: ='Cost Share'!P66 -> 0 | J66: =SUM(H66:I66) -> 0
A67: ▲ DEPT GS Tuition (not standard IIT c/s) | C67: Rate | D67: ='Re-Budget'!D82 -> 1313 | E67: Credits | G67: ='Cost Share'!P67 -> 0 | H67: =G67-I67 -> 0 | I67: =ROUND(F67*D67,0) -> 0 | J67: =SUM(H67:I67) -> 0
A68: TOTAL OTHER DIRECT COSTS | G68: ='Cost Share'!P68 -> 0 | H68: =SUM(H64:H67) -> 0 | I68: =SUM(I64:I67) -> 0 | J68: =SUM(J64:J67) -> 0 | K68: =SUM(H68:I68) -> 0
A70: SUBCONTRACT(S) | B70: ( A Statement of Work, Detailed Budget, and Consortium Letter are required from each Subcontractor) | G70: =G63 -> Original | H70: =H63 -> Exp | I70: =I63 -> Re-Bud | J70: =J63 -> TL REV
A71: Subcontractor 1 | G71: ='Cost Share'!P71 -> 0 | J71: =SUM(H71:I71) -> 0
A72: Subcontractor 2 | G72: ='Cost Share'!P72 -> 0 | J72: =SUM(H72:I72) -> 0
A73: Subcontractor 3 | G73: ='Cost Share'!P73 -> 0 | J73: =SUM(H73:I73) -> 0
A74: TOTAL SUBCONTRACT COSTS | G74: ='Cost Share'!P74 -> 0 | H74: =SUM(H71:H73) -> 0 | I74: =SUM(I71:I73) -> 0 | J74: =SUM(J71:J73) -> 0 | K74: =SUM(H74:I74) -> 0
G76: =G70 -> Original | H76: =H70 -> Exp | I76: =I70 -> Re-Bud | J76: =J70 -> TL REV
A78: TOTAL DIRECT COSTS | G78: ='Cost Share'!P78 -> 0 | H78: =H46+H51+H56+H61+H68+H74 -> 0 | I78: =I46+I51+I56+I61+I68+I74 -> 0 | J78: =SUM(H78:I78) -> 0 | K78: =K46+K51+K56+K61+K68+K74 -> 0
A80: INDIRECT COSTS (TYPE MTDC) | B80: =B4 -> 0.55 | G80: ='Cost Share'!P80 -> 0 | H80: =ROUND(H84*$B$80,0) -> 0 | I80: =ROUND(I84*$B$80,0) -> 0 | J80: =SUM(H80:I80) -> 0 | K80: =ROUND(K84*$B$80,0) -> 0
A82: COST SHARE | G82: ='Cost Share'!P82 -> 0 | H82: =H78+H80 -> 0 | I82: =I78+I80 -> 0 | J82: =SUM(H82:I82) -> 0 | K82: =K78+K80 -> 0
A84: IDC Base | G84: ='Cost Share'!P84 -> 0 | H84: =H78-H56-H67-H74 -> 0 | I84: =I78-I56-I67-I74 -> 0 | J84: =SUM(H84:I84) -> 0 | K84: =K78-K56-K67-K74 -> 0
A86: ▲ Indirect costs are not charged on Equipment, or Tuition for grants carrying full indirect costs
